Workbook

Sheet Mapping
A1: {="Category"&CHAR(10)&"("&SUMPRODUCT((A$5:A$276<>"")/COUNTIF(A$5:A$276,A$5:A$276&""))&")"} -> Category (4) | B1: {="Capability"&CHAR(10)&"("&SUMPRODUCT((B$5:B$276<>"")/COUNTIF(B$5:B$276,B$5:B$276&""))&")"} -> Capability (12) | C1: {="Domain"&CHAR(10)&"("&SUMPRODUCT((C$5:C$276<>"")/COUNTIF(C$5:C$276,C$5:C$276&""))&")"} -> Domain (9) | D1: {="Practice Area"&CHAR(10)&"("&SUMPRODUCT((D$5:D$276<>"")/COUNTIF(D$5:D$276,D$5:D$276&""))&")"} -> Practice Area (31) | E1: {="Practice Area Acronym"&CHAR(10)&"("&SUMPRODUCT((E$5:E$276<>"")/COUNTIF(E$5:E$276,E$5:E$276&""))&")"} -> Practice Area Acronym (31) | F1: ="Practice Area Description"&CHAR(10)&"("&COUNTA(F$5:F$276)&")" -> Practice Area Description (31) | G1: {="Level"&CHAR(10)&"("&SUMPRODUCT((G$5:G$276<>"")/COUNTIF(G$5:G$276,G$5:G$276&""))&")"} -> Level (5) | H1: {="Practice"&CHAR(10)&"("&SUMPRODUCT((H$5:H$276<>"")/COUNTIF(H$5:H$276,H$5:H$276&""))&")"} -> Practice (272) | I1: {="Practice Description"&CHAR(10)&"("&SUMPRODUCT((I$5:I$276<>"")/COUNTIF(I$5:I$276,I$5:I$276&""))&")"} -> Practice Description (272) | J1: {="Practice Activity"&CHAR(10)&"("& SUM(LEN(J$5:J$276)-LEN(SUBSTITUTE(J$5:J$276,"•",""))) &")"} -> Practice Activity (1080) | K1: {="Practice Work Product"&CHAR(10)&"("& SUM(LEN(K$5:K$276)-LEN(SUBSTITUTE(K$5:K$276,"•",""))) &")"} -> Practice Work Product (719) | L1: {="SAFe Activity"&CHAR(10)&"("& SUM(LEN(L$5:L$276)-LEN(SUBSTITUTE(L$5:L$276,"•",""))) &")"} -> SAFe Activity (1099) | M1: {="SAFe Work Product"&CHAR(10)&"("& SUM(LEN(M$5:M$276)-LEN(SUBSTITUTE(M$5:M$276,"•",""))) &")"} -> SAFe Work Product (1092) | N1: {="SAFe Technical Note"&CHAR(10)&"("& SUM(LEN(N$5:N$276)-LEN(SUBSTITUTE(N$5:N$276,"•",""))) &")"} -> SAFe Technical Note (76) | O1: Low | Q1: Medium | T1: High | V1: Practice Score | W1: Practice Area Score
O2: • Below average • No improvement • Unsatisfactory • Ad Hoc • Inconsistent • Undocumented • Manual | Q2: • Average performance • Some Improvements • Acceptable results • Groundrules • Project level • Mostly recorded • Semi-automated | T2: • Above average • Always Improving • High impact • BU Policies • Portfolio Level • Well-Scripted • Automated flows
O3: 1 | P3: 2 | Q3: 3 | R3: 4 | S3: 5 | T3: 6 | U3: 7
A4: {="Category ("&SUMPRODUCT((A$5:A$276<>"")/COUNTIF(A$5:A$276,A$5:A$276&""))&")"} -> Category (4) | B4: {="Capability ("&SUMPRODUCT((B$5:B$276<>"")/COUNTIF(B$5:B$276,B$5:B$276&""))&")"} -> Capability (12) | C4: {="Domain ("&SUMPRODUCT((C$5:C$276<>"")/COUNTIF(C$5:C$276,C$5:C$276&""))&")"} -> Domain (9) | D4: {="Practice Area ("&SUMPRODUCT((D$5:D$276<>"")/COUNTIF(D$5:D$276,D$5:D$276&""))&")"} -> Practice Area (31) | E4: {="PA Acronym ("&SUMPRODUCT((E$5:E$276<>"")/COUNTIF(E$5:E$276,E$5:E$276&""))&")"} -> PA Acronym (31) | F4: ="PA Description ("&COUNTA(F$5:F$276)&")" -> PA Description (31) | G4: {="Level ("&SUMPRODUCT((G$5:G$276<>"")/COUNTIF(G$5:G$276,G$5:G$276&""))&")"} -> Level (5) | H4: {="Practice ("&SUMPRODUCT((H$5:H$276<>"")/COUNTIF(H$5:H$276,H$5:H$276&""))&")"} -> Practice (272) | I4: {="Practice Desc ("&SUMPRODUCT((I$5:I$276<>"")/COUNTIF(I$5:I$276,I$5:I$276&""))&")"} -> Practice Desc (272) | J4: {="Practice Activity ("& SUM(LEN(J$5:J$276)-LEN(SUBSTITUTE(J$5:J$276,"•",""))) &")"} -> Practice Activity (1080) | K4: {="Practice Work Product ("& SUM(LEN(K$5:K$276)-LEN(SUBSTITUTE(K$5:K$276,"•",""))) &")"} -> Practice Work Product (719) | L4: {="SAFe Activity ("& SUM(LEN(L$5:L$276)-LEN(SUBSTITUTE(L$5:L$276,"•",""))) &")"} -> SAFe Activity (1099) | M4: {="SAFe Work Product ("& SUM(LEN(M$5:M$276)-LEN(SUBSTITUTE(M$5:M$276,"•",""))) &")"} -> SAFe Work Product (1092) | N4: {="SAFe Technical Note ("& SUM(LEN(N$5:N$276)-LEN(SUBSTITUTE(N$5:N$276,"•",""))) &")"} -> SAFe Technical Note (76) | O4: Strongly Disagree | P4: Disagree | Q4: Somewhat Disagree | R4: Neutral | S4: Somewhat Agree | T4: Agree | U4: Strongly Agree
A5: Doing | B5: Delivering & Managing Services | C5: Services | D5: Service Delivery Management | E5: SDM | F5: Delivers services and manages the service delivery system. | G5: Level 1 | H5: SDM 1.1 | I5: Use the service system to deliver services. | J5: • Use a service system. • Deliver services. | K5: • Service system • Records of delivered services | L5: • Portfolio Flow Practices • Solution Flow Practices • ART Flow Practices • Team Flow Practices | M5: • Portfolio Epic • Solution Capabilities • ART Features • Team Stories | N5: • SAFe is a framework to solution new products AND services, so designing new external and internal services and service products are part and parcel to SAFe. • SAFe can also be used to plan, operate, and maintain internal and external services and service products. • SAFe is also a lean thinking framework which incorporate Kanban and Scrumban principles and practices for continuous just-in-time service delivery. • SAFe supports classes of service, service level agreements (SLAs), and new services and service products compatible with ITIL's incident management levels. | O5: x | V5: =IF(ISERROR(MATCH("x",O5:U5)),0,MATCH("x",O5:U5)) -> 1 | W5: =AVERAGE($V$5:$V$12) -> 4.25
G6: Level 2 | H6: SDM 2.1 | I6: Develop, record, keep updated, and follow service agreements. | J6: • Develop, record, and keep the structure and format of the service agreement updated. • Define, negotiate, obtain commitment to, and communicate status of the service agreement. • Provide the service agreement to affected stakeholders. • Review and revise the service agreement. | K6: • Service agreement • Records of service agreement reviews | L6: • Portfolio Backlog (ALM) Management • Solution Backlog (ALM) Management • ART Backlog (ALM) Management • Team Backlog (ALM) Management | M6: • Portfolio Epics • Solution Capabilities • ART Features • Team Stories | P6: x | V6: =IF(ISERROR(MATCH("x",O6:U6)),0,MATCH("x",O6:U6)) -> 2
H7: SDM 2.2 | I7: Receive and process service requests in accordance with service agreements. | J7: • Receive service requests and ensure each request is within the scope of the service agreement. • Record information about the service request. • Determine resources required to address the service request. • Determine the actions to satisfy the service request. • Monitor the status of service requests until personnel fulfill requests described in the service agreement. • Review service request status and confirm results with affected stakeholders. • Close the service request and record the actions taken and results. • Collect customer satisfaction information after delivery of services. | K7: • Service requests • Action proposal • Customer satisfaction data • End user receipts confirming request fulfillment • Records of affected stakeholder reviews | L7: • Portfolio Kanban Management • Solution Kanban Management • ART Kanban Management • Team Kanban Management | M7: • Portfolio Epics • Solution Capabilities • ART Features • Team Stories | Q7: x | V7: =IF(ISERROR(MATCH("x",O7:U7)),0,MATCH("x",O7:U7)) -> 3
H8: SDM 2.3 | I8: Deliver services in accordance with service agreements. | J8: • Operate service system components according to service system procedures. • Perform operations support activities. • Perform the activities needed to fulfill service requests. • Use a request management system to record service requests. | K8: • List of services provided • Performance reports and dashboards • Log of corrective actions • Request management system • Request management system records | L8: • Portfolio Flow Practices • Solution Flow Practices • ART Flow Practices • Team Flow Practices | M8: • Portfolio Backlog (ALM) Reports & Records • Solution Backlog (ALM) Reports & Records • ART Backlog (ALM) Reports & Records • Team Backlog (ALM) Reports & Records | R8: x | V8: =IF(ISERROR(MATCH("x",O8:U8)),0,MATCH("x",O8:U8)) -> 4
H9: SDM 2.4 | I9: Analyze existing service agreements and service data to prepare for updated or new agreements. | J9: • Collect customer and end user needs and service provider concerns. • Analyze service requests. • Review and analyze existing service agreements, request management data, supplier agreements, and related service data. | K9: • Service data analysis results • Information for updating or developing new service agreements or request management approaches | L9: • Portfolio Planning • Solution Planning • ART Planning • Team Planning | M9: • Portfolio Roadmaps & Plans • Solution Roadmaps & Plans • ART Roadmaps & Plans • Team Roadmaps & Plans | S9: x | V9: =IF(ISERROR(MATCH("x",O9:U9)),0,MATCH("x",O9:U9)) -> 5
H10: SDM 2.5 | I10: Develop, record, keep updated, and follow the approach for operating and changing the service system. | J10: • Define the approach for service system operation and each change. • Determine the cost, resources, and schedule required for operation of the service system and for a new change. • Identify affected stakeholders and review operations and change activities. • Develop a plan for service system operations and for changes to operations. • Update the service continuity plan, if a change affects an essential function. | K10: • Service system operations and change approach • Plans for service system operations and changes • Records of reviews with affected stakeholders | L10: • Portfolio Backlog (ALM) Management • Solution Backlog (ALM) Management • ART Backlog (ALM) Management • Team Backlog (ALM) Management | M10: • Portfolio Backlog (ALM) Reports & Records • Solution Backlog (ALM) Reports & Records • ART Backlog (ALM) Reports & Records • Team Backlog (ALM) Reports & Records | T10: x | V10: =IF(ISERROR(MATCH("x",O10:U10)),0,MATCH("x",O10:U10)) -> 6
H11: SDM 2.6 | I11: Confirm the readiness of the service system to support the delivery of services. | J11: • Confirm that service system components and tools are operational. • Evaluate the results of confirming service system component readiness and determine how to address deficiencies or issues. • Review the service level requirements in the service agreements and set thresholds in service system monitoring tools. • Develop, review, or refine service delivery procedures. • Ensure that the necessary resources are available for performing service delivery activities and tasks. • Prepare and update plans and schedules for delivering services as requested. • Review the service system approach, plan, and procedures as appropriate with affected stakeholders. • Provide orientation or training to incoming service delivery and support personnel. | K11: • Readiness reports • Logs of consumable acquisition and use • Plans and schedules for delivering services • Service delivery logs and receipts • Service system orientation or training records • Stakeholder review records • Results from demonstrated service system operation | L11: • Portfolio Planning • Solution Planning • ART Planning • Team Planning | M11: • Portfolio Roadmaps & Plans • Solution Roadmaps & Plans • ART Roadmaps & Plans • Team Roadmaps & Plans | U11: x | V11: =IF(ISERROR(MATCH("x",O11:U11)),0,MATCH("x",O11:U11)) -> 7
G12: Level 3 | H12: SDM 3.1 | I12: Develop, record, keep updated, and use organizational standard service systems and agreements. | J12: • Review and prioritize standardization and maintenance needs and requests. • Analyze effect of standardization and maintenance on service delivery. • Develop an approach or process to standardize or keep updated service agreements, service systems, or their components. • Communicate changes and notifications to affected stakeholders. • Update and retain service system documentation as appropriate. | K12: • Approach or process for standardized service agreements and service systems • Corrective or preventive maintenance change requests • Maintenance notifications • Preventive maintenance schedules • Installation records • Deployment artifacts • Records of stakeholders • Updated service system and service agreement documentation | L12: • Portfolio Backlog (ALM) Management • Solution Backlog (ALM) Management • ART Backlog (ALM) Management • Team Backlog (ALM) Management | M12: • Portfolio Backlog (ALM) Reports & Records • Solution Backlog (ALM) Reports & Records • ART Backlog (ALM) Reports & Records • Team Backlog Reports & Records | T12: x | V12: =IF(ISERROR(MATCH("x",O12:U12)),0,MATCH("x",O12:U12)) -> 6
C13: Services | D13: Strategic Service Management | E13: STSM | F13: Develops and deploys standard services that are compatible with strategic business needs and plans. | G13: Level 1 | H13: STSM 1.1 | I13: Develop a list of current services. | J13: • Identify current services. | K13: • List of current services | L13: • Portfolio Value Stream & Canvas Development • Solution Value Stream & Canvas Development • ART Value Stream & Canvas Development | M13: • Portfolio Canvases • Solution Canvases • ART Canvases | N13: • SAFe is a framework to solution new products AND services, so designing new external and internal services and service products are part and parcel to SAFe. • SAFe can also be used to plan, operate, and maintain internal and external services and service products. • SAFe is also a lean thinking framework which incorporate Kanban and Scrumban principles and practices for continuous just-in-time service delivery. • SAFe supports classes of service, service level agreements (SLAs), and new services and service products compatible with ITIL's incident management levels. | S13: x | V13: =IF(ISERROR(MATCH("x",O13:U13)),0,MATCH("x",O13:U13)) -> 5 | W13: =AVERAGE(V13:V17) -> 3
G14: Level 2 | H14: STSM 2.1 | I14: Develop, keep updated, and use descriptions of current services. | J14: • Develop, record, and keep individual service descriptions updated. • Develop, record, and keep the service catalog updated. | K14: • Individual service descriptions | L14: • Portfolio Planning • Solution Planning • ART Planning • Team Planning | M14: • Portfolio Epics • Solution Capabilities • ART Features • Team Stories | R14: x | V14: =IF(ISERROR(MATCH("x",O14:U14)),0,MATCH("x",O14:U14)) -> 4
H15: STSM 2.2 | I15: Collect, record, and analyze data about strategic needs and capabilities for service delivery. | J15: • Collect and analyze data on capabilities. • Collect and analyze data on strategic needs. • Communicate the capabilities and strategic needs to affected stakeholders. | K15: • Analysis results • Descriptions of the capabilities • Descriptions of strategic needs | L15: • Portfolio Value Stream, Canvas, and UX Model Development • Solution Value Stream & Canvas, and UX Model Development • ART Value Stream & Canvas, and UX Model Development | M15: • Portfolio Value Stream, Canvas, and UX Models • Solution Value Stream & Canvas, and UX Models • ART Value Stream & Canvas, and UX Models | Q15: x | V15: =IF(ISERROR(MATCH("x",O15:U15)),0,MATCH("x",O15:U15)) -> 3
H16: STSM 2.3 | I16: Develop, keep updated, and follow an approach for providing new or changed services derived from strategic needs and capabilities. | J16: • Develop, record, and confirm strategic business objectives. • Identify requirements for services based on strategic business needs, objectives, and capabilities. • Record descriptions of services provided or changed. • Identify changes to services offered. • Develop, keep updated, and follow plans for new or changed services. • Verify that planned services are available when needed. | K16: • Descriptions of strategic business objectives • Service descriptions • Analysis of service system needs • Plans for services • Plan verification results | L16: • Portfolio Value Stream, Canvas, and UX Model Development • Solution Value Stream & Canvas, and UX Model Development • ART Value Stream & Canvas, and UX Model Development | M16: • Portfolio Value Stream, Canvas, and UX Models • Solution Value Stream & Canvas, and UX Models • ART Value Stream & Canvas, and UX Models | P16: x | V16: =IF(ISERROR(MATCH("x",O16:U16)),0,MATCH("x",O16:U16)) -> 2
G17: Level 3 | H17: STSM 3.1 | I17: Develop, keep updated, and use the set of organizational standard service descriptions and service levels. | J17: • Develop, record, and keep updated standard service descriptions. • Specify the characteristics of each service. | K17: • Descriptions of services and their characteristics • Standard service catalog or menu | L17: • Portfolio Backlog (ALM) Management • Solution Backlog (ALM) Management • ART Backlog (ALM) Management • Team Backlog (ALM) Management | M17: • Portfolio Backlog (ALM) Reports & Records • Solution Backlog (ALM) Reports & Records • ART Backlog (ALM) Reports & Records • Team Backlog (ALM) Reports & Records | O17: x | V17: =IF(ISERROR(MATCH("x",O17:U17)),0,MATCH("x",O17:U17)) -> 1
B18: Engineering & Developing Products | C18: Development | D18: Product Integration | E18: PI | F18: Integrates and delivers the solution that addresses functionality, performance, and quality requirements. | G18: Level 1 | H18: PI 1.1 | I18: Assemble solutions and deliver to the customer. | J18: • Assemble solution. • Record all necessary information to install and use the solution. • Use applicable methods to package and deliver the solution. • Deliver the solution and related documentation; confirm receipt. | K18: • Assembled solutions and related documentation | L18: • Portfolio Flow Practices • Solution Flow Practices • ART Flow Practices • Team Flow Practices | M18: • Portfolio Backlog (ALM) Reports & Records • Solution Backlog (ALM) Reports & Records • ART Backlog (ALM) Reports & Records • Team Backlog (ALM) Reports & Records | N18: • SAFe strongly supports product integration at multiple levels: 1. Portfolio - Enterprise Architecture 2. Solution - Solution Architecture, Solution Intent 3. ART - System Architecture, Continuous Delivery Pipeline | P18: x | V18: =IF(ISERROR(MATCH("x",O18:U18)),0,MATCH("x",O18:U18)) -> 2 | W18: =AVERAGE(V18:V27) -> 4.5
G19: Level 2 | H19: PI 2.1 | I19: Develop, keep updated, and follow an integration strategy. | J19: • Identify and record product components to be integrated. • Identify how solutions and components will be verified and validated during integration. • Identify alternative integration strategies. • Select the best integration strategy. • Periodically review the product integration strategy and revise it as needed. • Record and communicate decision rationale and status. | K19: • Product integration strategy • Recorded rationale for selecting or rejecting alternative product integration strategies • Build pipeline • Selected integration strategy | L19: • Portfolio Enterprise Architecture Practices • Solution Architecture & Solution Intent Practices • ART System Architecture Practices | M19: • Portfolio Enterprise Architecture • Solution Architecture & Solution Intent • ART System Architecture | Q19: x | V19: =IF(ISERROR(MATCH("x",O19:U19)),0,MATCH("x",O19:U19)) -> 3
H20: PI 2.2 | I20: Develop, keep updated, and use the integration environment. | J20: • Develop requirements for the integration environment. • Develop verification and validation procedures and criteria for the integration environment. • Decide whether to build, buy, or reuse the integration environment. • Develop or acquire an integration environment. • Verify and validate the integration environment. • Use the integration environment. • Revise the integration environment as needed. • Communicate with affected stakeholders. | K20: • Verified and validated environment for product integration • Build, buy, or reuse analyses • Support documentation for the integration environment | L20: • Continuous Delivery Practices | M20: • Continuous Delivery & DevOps Pipeline & Reports | R20: x | V20: =IF(ISERROR(MATCH("x",O20:U20)),0,MATCH("x",O20:U20)) -> 4
H21: PI 2.3 | I21: Develop, keep updated, and follow procedures and criteria for integrating solutions and components. | J21: • Develop, use, and keep updated product integration procedures for the product components. • Develop, use, and keep updated criteria for product component integration and evaluation. • Record, keep updated, and communicate the product integration procedures and criteria. | K21: • Product integration procedures • Product integration criteria | L21: • Portfolio Enterprise Architecture Practices • Solution Architecture & Solution Intent Practices • ART System Architecture Practices • Continuous Delivery Practices | M21: • Portfolio Enterprise Architecture • Solution Architecture & Solution Intent • ART System Architecture • Continuous Delivery & DevOps Pipeline & Report | S21: x | V21: =IF(ISERROR(MATCH("x",O21:U21)),0,MATCH("x",O21:U21)) -> 5
H22: PI 2.4 | I22: Confirm, prior to integration, that each component has been properly identified and operates according to its requirements and design. | J22: • Track the integration readiness status of the components. • Ensure components are delivered to the product integration environment as described in the product integration strategy and procedures. • Confirm each component is correctly identified and received. • Verify and validate that each received component meets its requirements and design. • Check the status of the current configuration against the expected configuration. • Check all the physical interfaces or connections before integrating product components. • Communicate results with affected stakeholders. | K22: • Acceptance documents or test criteria for each product component • Exception reports | L22: • Continuous Delivery Practices | M22: • Continuous Delivery & DevOps Pipeline & Reports | T22: x | V22: =IF(ISERROR(MATCH("x",O22:U22)),0,MATCH("x",O22:U22)) -> 6
H23: PI 2.5 | I23: Evaluate integrated components to ensure conformance to the solution’s requirements and design. | J23: • Evaluate integrated components, interfaces or connections, and testing using the integration strategy, procedures, and criteria. • Record and communicate evaluation results. | K23: • Integration evaluation reports • Interface or connection evaluation reports • Test reports • Exception reports | L23: • Continuous Delivery Practices | M23: • Continuous Delivery & DevOps Pipeline & Reports | U23: x | V23: =IF(ISERROR(MATCH("x",O23:U23)),0,MATCH("x",O23:U23)) -> 7
H24: PI 2.6 | I24: Integrate solutions and components according to the integration strategy. | J24: • Confirm readiness of the product integration environment. • Integrate components according to the product integration strategy, procedures, and criteria. • Update the product integration strategy, procedures, and criteria as needed. • Integrate and deliver the product and communicate results. | K24: • Integrated solution or components • Exception or test reports | L24: • Portfolio Enterprise Architecture Practices • Solution Architecture & Solution Intent Practices • ART System Architecture Practices • Continuous Delivery Practices | M24: • Portfolio Enterprise Architecture • Solution Architecture & Solution Intent • ART System Architecture • Continuous Delivery & DevOps Pipeline & Report | T24: x | V24: =IF(ISERROR(MATCH("x",O24:U24)),0,MATCH("x",O24:U24)) -> 6
G25: Level 3 | H25: PI 3.1 | I25: Review and keep updated interface or connection descriptions for coverage, completeness, and consistency throughout the solution’s life. | J25: • Review with affected stakeholders and keep updated interface or connection descriptions for coverage, completeness, and consistency throughout the product’s life. • Resolve interface or connection issues. • Update interface or connection descriptions and make accessible to affected stakeholders. | K25: • Interface or connection review results • List of action items for updating interfaces or connections • Updated interface or connection descriptions | L25: • Portfolio Enterprise Architecture Practices • Solution Architecture & Solution Intent Practices • ART System Architecture Practices • Continuous Delivery Practices | M25: • Portfolio Enterprise Architecture & Backlog (ALM) • Solution Architecture, Solution Intent, & Backlog (ALM) • ART System Architecture & Backlog (ALM) • Continuous Delivery & DevOps Pipeline & Reports | S25: x | V25: =IF(ISERROR(MATCH("x",O25:U25)),0,MATCH("x",O25:U25)) -> 5
H26: PI 3.2 | I26: Confirm, prior to integration, that component interfaces or connections comply with interface or connection descriptions. | J26: • Compare interface or connection descriptions with component interfaces or connections and identify non-compliances. • Address interface or connection non-compliances and communicate results. | K26: • Results of comparison of component interfaces or connections to their descriptions • List of component interface or connection non-compliances • List of action items for updating interface or connection descriptions or component interfaces or connections • Updated interface or connection descriptions or component interfaces or connections | L26: • Portfolio Enterprise Architecture Practices • Solution Architecture & Solution Intent Practices • ART System Architecture Practices • Continuous Delivery Practices | M26: • Portfolio Enterprise Architecture & Backlog (ALM) • Solution Architecture, Solution Intent, & Backlog (ALM) • ART System Architecture & Backlog (ALM) • Continuous Delivery & DevOps Pipeline & Reports | R26: x | V26: =IF(ISERROR(MATCH("x",O26:U26)),0,MATCH("x",O26:U26)) -> 4
H27: PI 3.3 | I27: Evaluate integrated components for interface or connection compatibility. | J27: • Evaluate the integrated components for compatibility. • Record and communicate the evaluation results. | K27: • Interface or connection issues reports | L27: • Continuous Delivery Practices | M27: • Continuous Delivery & DevOps Pipeline & Reports | Q27: x | V27: =IF(ISERROR(MATCH("x",O27:U27)),0,MATCH("x",O27:U27)) -> 3
C28: Development | D28: Technical Solution | E28: TS | F28: Designs and builds solutions that meet requirements. | G28: Level 1 | H28: TS 1.1 | I28: Build a solution to meet requirements. | J28: • Build a solution. | K28: • Product or service | L28: • Portfolio Flow & Enterprise Architecture Practices • Solution Flow, Architecture, & Solution Intent Practices • ART Flow, Design Thinking, Lean UX Practices, & System Architecture Practices | M28: • Portfolio Solutions • Large Solutions • ART Solutions | N28: • SAFe strongly supports technical solutions at multiple levels: 1. Portfolio - Enterprise Architecture 2. Solution - Solution Architecture, Solution Intent 3. ART - System Architecture | P28: x | V28: =IF(ISERROR(MATCH("x",O28:U28)),0,MATCH("x",O28:U28)) -> 2 | W28: =AVERAGE(V28:V37) -> 4.1
G29: Level 2 | H29: TS 2.1 | I29: Design and build a solution to meet requirements. | J29: • Define the architecture. • Identify, develop, or acquire effective design methods or tools for the solution. • Evaluate commercial off-the-shelf (COTS) products. • Develop a preliminary design. • Develop a detailed design. • Track requirements against design to ensure they are satisfied. • Build the solution. | K29: • Architecture • Component design • Completed solution | L29: • Portfolio Flow & Enterprise Architecture Practices • Solution Flow, Architecture, & Solution Intent Practices • ART Flow, Design Thinking, Lean UX Practices, & System Architecture Practices | M29: • Portfolio Enterprise Architecture & Solutions • Large Solution Architecture, Solution Intent, & Solutions • ART System Architecture & Solutions | O29: x | V29: =IF(ISERROR(MATCH("x",O29:U29)),0,MATCH("x",O29:U29)) -> 1
H30: TS 2.2 | I30: Evaluate the design and address identified issues. | J30: • Determine what types of reviews to perform. • Identify review participants. • Send draft designs to reviewers. • Conduct a technical review. • Record decisions, issues, and concerns. • Identify potential fixes. • Communicate issues and decisions to affected stakeholders. • Update the design to address identified issues. • Review the solution. • Revise the component as necessary. | K30: • Design evaluation issues • Design review meeting minutes • Updated design • Updated solution | L30: • Portfolio Flow & Enterprise Architecture Practices • Solution Flow, Architecture, & Solution Intent Practices • ART Flow, Design Thinking, Lean UX Practices, & System Architecture Practices | M30: • Portfolio Enterprise Architecture & Solutions • Large Solution Architecture, Solution Intent, & Solutions • ART System Architecture & Solutions | P30: x | V30: =IF(ISERROR(MATCH("x",O30:U30)),0,MATCH("x",O30:U30)) -> 2
H31: TS 2.3 | I31: Provide guidance on use of the solution. | J31: • Develop and provide guidance materials. | K31: • Guidance material | L31: • Portfolio Flow & Enterprise Architecture Practices • Solution Flow, Architecture, & Solution Intent Practices • ART Flow, Design Thinking, Lean UX Practices, & System Architecture Practices | M31: • Portfolio Enterprise Architecture & Solutions • Large Solution Architecture, Solution Intent, & Solutions • ART System Architecture & Solutions | Q31: x | V31: =IF(ISERROR(MATCH("x",O31:U31)),0,MATCH("x",O31:U31)) -> 3
G32: Level 3 | H32: TS 3.1 | I32: Develop criteria for design decisions. | J32: • Analyze, develop, evaluate, use, and keep updated design criteria. • Review and revise the design criteria with affected stakeholders as needed. | K32: • Design criteria | L32: • Portfolio Flow & Enterprise Architecture Practices • Solution Flow, Architecture, & Solution Intent Practices • ART Flow, Design Thinking, Lean UX Practices, & System Architecture Practices | M32: • Portfolio Enterprise Architecture & Backlogs (ALM) • Large Solution Architecture, Solution Intent, & Backlogs (ALM) • ART System Architecture & Backlogs (ALM) | R32: x | V32: =IF(ISERROR(MATCH("x",O32:U32)),0,MATCH("x",O32:U32)) -> 4
H33: TS 3.2 | I33: Develop alternative solutions for selected components. | J33: • Develop, identify, and record alternative solutions. • Record the requirements allocation for each alternative. • Communicate results. | K33: • Alternative solutions | L33: • Portfolio Flow & Enterprise Architecture Practices • Solution Flow, Architecture, & Solution Intent Practices • ART Flow, Design Thinking, Lean UX Practices, & System Architecture Practices | M33: • Portfolio Enterprise Architecture & Backlogs (ALM) • Large Solution Architecture, Solution Intent, & Backlogs (ALM) • ART System Architecture & Backlogs (ALM) | S33: x | V33: =IF(ISERROR(MATCH("x",O33:U33)),0,MATCH("x",O33:U33)) -> 5
H34: TS 3.3 | I34: Perform a build, buy, or reuse analysis. | J34: • Perform a build, buy, or reuse analysis. • Record analysis and communicate results. | K34: • Build, buy, or reuse analysis | L34: • Portfolio Flow & Enterprise Architecture Practices • Solution Flow, Architecture, & Solution Intent Practices • ART Flow, Design Thinking, Lean UX Practices, & System Architecture Practices | M34: • Portfolio Enterprise Architecture & Backlogs (ALM) • Large Solution Architecture, Solution Intent, & Backlogs (ALM) • ART System Architecture & Backlogs (ALM) | T34: x | V34: =IF(ISERROR(MATCH("x",O34:U34)),0,MATCH("x",O34:U34)) -> 6
H35: TS 3.4 | I35: Select solutions based on design criteria. | J35: • Evaluate each alternative solution against the selection criteria. • Select the solutions that satisfy the established criteria. • Based on evaluation of alternatives, reassess and update selection criteria when necessary. • Develop, use, and keep updated records of solutions, evaluations, and rationale. | K35: • Recorded solutions, evaluations, and rationale | L35: • Portfolio Flow & Enterprise Architecture Practices • Solution Flow, Architecture, & Solution Intent Practices • ART Flow, Design Thinking, Lean UX Practices, & System Architecture Practices | M35: • Portfolio Enterprise Architecture & Backlogs (ALM) • Large Solution Architecture, Solution Intent, & Backlogs (ALM) • ART System Architecture & Backlogs (ALM) | U35: x | V35: =IF(ISERROR(MATCH("x",O35:U35)),0,MATCH("x",O35:U35)) -> 7
H36: TS 3.5 | I36: Develop, keep updated, and use information needed to implement the design. | J36: • Record the information needed to implement the solution. • Revise the information needed to implement the solution, as needed. | K36: • Technical data package • Requirements, design, test, and traceability information | L36: • Portfolio Backlog (ALM) Management • Solution Backlog (ALM) Management • ART Backlog (ALM) Management • Team Backlog (ALM) Management | M36: • Portfolio Backlog (ALM) Reports & Records • Solution Backlog (ALM) Reports & Records • ART Backlog (ALM) Reports & Records • Team Backlog (ALM) Reports & Records | T36: x | V36: =IF(ISERROR(MATCH("x",O36:U36)),0,MATCH("x",O36:U36)) -> 6
H37: TS 3.6 | I37: Design solution interfaces or connections using established criteria. | J37: • Define interface or connection criteria. • Develop interface or connection design alternatives using established criteria. • Identify interfaces or connections, both internal and external. • Identify interfaces or connections between components and related processes. • Identify user interfaces or connections. • Record, keep updated, use, and communicate selected interface or connection criteria, design, and selection rationale. | K37: • Interface or connection specification criteria • Interface or connection design specification • Interface or connection control documents • Rationale for selected interface or connection design | L37: • Portfolio Flow & Enterprise Architecture Practices • Solution Flow, Architecture, & Solution Intent Practices • ART Flow, Design Thinking, Lean UX Practices, & System Architecture Practices | M37: • Portfolio Enterprise Architecture & Backlogs (ALM) • Large Solution Architecture, Solution Intent, & Backlogs (ALM) • ART System Architecture & Backlogs (ALM) | S37: x | V37: =IF(ISERROR(MATCH("x",O37:U37)),0,MATCH("x",O37:U37)) -> 5
B38: Ensuring Quality | C38: Core | D38: Peer Reviews | E38: PR | F38: Identifies and addresses process performance and work product issues through reviews by the producer’s peers or Subject Matter Experts (SMEs). | G38: Level 1 | H38: PR 1.1 | I38: Perform reviews of work products and record issues. | J38: • Review work products to identify issues. • Record results. | K38: • List of issues from work product reviews | L38: • Portfolio Enterprise Architecture, Peer Reviews, Static Analysis, Dynamic Analysis, and MBSE Practices • Solution Architecture, Solution Intent Peer Reviews, Static Analysis, Dynamic Analysis, and MBSE Practices • ART System Architecture, Peer Reviews, Static Analysis, Dynamic Analysis, and MBSE Practices • Continuous Delivery Static & Dynamic Analysis | M38: • Portfolio Enterprise Architecture, Peer Reviews, Static Analysis, Dynamic Analysis, and MBSE (ALM) Records & Reports • Solution Architecture, Solution Intent Peer Reviews, Static Analysis, Dynamic Analysis, and MBSE (ALM) Records & Reports • ART System Architecture, Peer Reviews, Static Analysis, Dynamic Analysis, and MBSE (ALM) Records & Reports • Continuous Delivery Static & Dynamic (ALM) Records & Reports | N38: • SAFe strongly supports peer reviews at multiple levels: 1. Portfolio - Enterprise Architecture 2. Solution - Solution Architecture, Solution Intent 3. ART - System Architecture, Continuous Delivery Pipeline • Manual and automated static and dynamic analysis are build into: 1. MBSE practices, systems, and tools 2. Definition of done at all levels | R38: x | V38: =IF(ISERROR(MATCH("x",O38:U38)),0,MATCH("x",O38:U38)) -> 4 | W38: =AVERAGE($V$38:$V$43) -> 2.5
G39: Level 2 | H39: PR 2.1 | I39: Develop and keep updated procedures and supporting materials used to prepare for and perform peer reviews. | J39: • Record and keep updated peer review procedures. • Record and keep updated related supporting materials. | K39: • Procedures for preparing for and performing peer reviews • Supporting materials | L39: • Portfolio Enterprise Architecture, Peer Reviews, Static Analysis, Dynamic Analysis, and MBSE Practices • Solution Architecture, Solution Intent Peer Reviews, Static Analysis, Dynamic Analysis, and MBSE Practices • ART System Architecture, Peer Reviews, Static Analysis, Dynamic Analysis, and MBSE Practices • Continuous Delivery Static & Dynamic Analysis | M39: • Portfolio Enterprise Architecture, Peer Reviews, Static Analysis, Dynamic Analysis, and MBSE (ALM) Records & Reports • Solution Architecture, Solution Intent Peer Reviews, Static Analysis, Dynamic Analysis, and MBSE (ALM) Records & Reports • ART System Architecture, Peer Reviews, Static Analysis, Dynamic Analysis, and MBSE (ALM) Records & Reports • Continuous Delivery Static & Dynamic (ALM) Records & Reports | Q39: x | V39: =IF(ISERROR(MATCH("x",O39:U39)),0,MATCH("x",O39:U39)) -> 3
H40: PR 2.2 | I40: Select work products to be peer reviewed. | J40: • Evaluate the criticality of the work product. • Determine and record the review type to use. | K40: • Work product or process selection criteria • List of selected work products or processes | L40: • Portfolio Enterprise Architecture, Peer Reviews, Static Analysis, Dynamic Analysis, and MBSE Practices • Solution Architecture, Solution Intent Peer Reviews, Static Analysis, Dynamic Analysis, and MBSE Practices • ART System Architecture, Peer Reviews, Static Analysis, Dynamic Analysis, and MBSE Practices • Continuous Delivery Static & Dynamic Analysis | M40: • Portfolio Enterprise Architecture, Peer Reviews, Static Analysis, Dynamic Analysis, and MBSE (ALM) Records & Reports • Solution Architecture, Solution Intent Peer Reviews, Static Analysis, Dynamic Analysis, and MBSE (ALM) Records & Reports • ART System Architecture, Peer Reviews, Static Analysis, Dynamic Analysis, and MBSE (ALM) Records & Reports • Continuous Delivery Static & Dynamic (ALM) Records & Reports | P40: x | V40: =IF(ISERROR(MATCH("x",O40:U40)),0,MATCH("x",O40:U40)) -> 2
H41: PR 2.3 | I41: Prepare and perform peer reviews on selected work products using established procedures. | J41: • Develop schedule. • Follow procedures. • Record results from the peer reviews and the data from the process. | K41: • List of work products • Schedule • Peer review results | L41: • Portfolio Enterprise Architecture, Peer Reviews, Static Analysis, Dynamic Analysis, and MBSE Practices • Solution Architecture, Solution Intent Peer Reviews, Static Analysis, Dynamic Analysis, and MBSE Practices • ART System Architecture, Peer Reviews, Static Analysis, Dynamic Analysis, and MBSE Practices • Continuous Delivery Static & Dynamic Analysis | M41: • Portfolio Enterprise Architecture, Peer Reviews, Static Analysis, Dynamic Analysis, and MBSE (ALM) Records & Reports • Solution Architecture, Solution Intent Peer Reviews, Static Analysis, Dynamic Analysis, and MBSE (ALM) Records & Reports • ART System Architecture, Peer Reviews, Static Analysis, Dynamic Analysis, and MBSE (ALM) Records & Reports • Continuous Delivery Static & Dynamic (ALM) Records & Reports | O41: x | V41: =IF(ISERROR(MATCH("x",O41:U41)),0,MATCH("x",O41:U41)) -> 1
H42: PR 2.4 | I42: Resolve issues identified in peer reviews. | J42: • Resolve issues. • Record resolutions and results and communicate to affected stakeholders. | K42: • Resolution of issues • Results | L42: • Portfolio Enterprise Architecture, Peer Reviews, Static Analysis, Dynamic Analysis, and MBSE Practices • Solution Architecture, Solution Intent Peer Reviews, Static Analysis, Dynamic Analysis, and MBSE Practices • ART System Architecture, Peer Reviews, Static Analysis, Dynamic Analysis, and MBSE Practices • Continuous Delivery Static & Dynamic Analysis | M42: • Portfolio Enterprise Architecture, Peer Reviews, Static Analysis, Dynamic Analysis, and MBSE (ALM) Records & Reports • Solution Architecture, Solution Intent Peer Reviews, Static Analysis, Dynamic Analysis, and MBSE (ALM) Records & Reports • ART System Architecture, Peer Reviews, Static Analysis, Dynamic Analysis, and MBSE (ALM) Records & Reports • Continuous Delivery Static & Dynamic (ALM) Records & Reports | P42: x | V42: =IF(ISERROR(MATCH("x",O42:U42)),0,MATCH("x",O42:U42)) -> 2
G43: Level 3 | H43: PR 3.1 | I43: Analyze results and data from peer reviews. | J43: • Analyze peer review process data and the results from the peer review. • Record and communicate analysis results. | K43: • Analysis results | L43: • Portfolio Enterprise Architecture, Peer Reviews, Static Analysis, Dynamic Analysis, and MBSE Practices • Solution Architecture, Solution Intent Peer Reviews, Static Analysis, Dynamic Analysis, and MBSE Practices • ART System Architecture, Peer Reviews, Static Analysis, Dynamic Analysis, and MBSE Practices • Continuous Delivery Static & Dynamic Analysis | M43: • Portfolio Enterprise Architecture, Peer Reviews, Static Analysis, Dynamic Analysis, and MBSE (ALM) Records & Reports • Solution Architecture, Solution Intent Peer Reviews, Static Analysis, Dynamic Analysis, and MBSE (ALM) Records & Reports • ART System Architecture, Peer Reviews, Static Analysis, Dynamic Analysis, and MBSE (ALM) Records & Reports • Continuous Delivery Static & Dynamic (ALM) Records & Reports | Q43: x | V43: =IF(ISERROR(MATCH("x",O43:U43)),0,MATCH("x",O43:U43)) -> 3
C44: Core | D44: Process Quality Assurance | E44: PQA | F44: Objectively evaluate selected performed processes and work products against the recorded process and applicable standards. | G44: Level 1 | H44: PQA 1.1 | I44: Identify and address process and work product issues. | J44: • Identify issues. • Record issues. • Resolve issues. | K44: • Recorded issues • Addressed issues | L44: • Portfolio Flow Assessments & ALM Rules • Solution Flow Assessments & ALM Rules • ART Flow Assessments & ALM Rules • Team Flow Assessments & ALM Rules | M44: • Portfolio Flow Assessment Results & ALM Reports • Solution Flow Assessment Results & ALM Reports • ART Flow Assessment Results & ALM Reports • Team Flow Assessment Results & ALM Reports | N44: • SAFe strongly supports process quality assurance at all levels • SAFe has numerous assessments for all levels, governance, and technical practices • Many are independently automated to benchmark against multiple demographic factors • Manual and automated process assessments are also built into ALM tools and definition of done | R44: x | V44: =IF(ISERROR(MATCH("x",O44:U44)),0,MATCH("x",O44:U44)) -> 4 | W44: =AVERAGE(V44:V49) -> 5.5
G45: Level 2 | H45: PQA 2.1 | I45: Develop, keep updated, and follow a quality assurance approach and plan based on historical quality data. | J45: • Develop, record, and keep updated the quality approach and plan. • Identify areas for evaluation. • Review, update, and approve the approach with affected stakeholders. | K45: • Quality assurance approach and plan | L45: • Portfolio Flow Governance, Technical Practices, & Definition of Done • Solution Flow Governance, Technical Practices, & Definition of Done • ART Flow Assessment Governance, Technical Practices, & Definition of Done • Team Flow Assessment Governance, Technical Practices, & Definition of Done | M45: • Portfolio Backlog (ALM) Reports & Records • Solution Backlog (ALM) Reports & Records • ART Backlog (ALM) Reports & Records • Team Backlog (ALM) Reports & Records • Continous Delivery (ALM) Reports & Records | S45: x | V45: =IF(ISERROR(MATCH("x",O45:U45)),0,MATCH("x",O45:U45)) -> 5
H46: PQA 2.2 | I46: Objectively evaluate selected performed processes and work products against the recorded process and applicable standards. | J46: • Develop and keep updated clearly stated criteria for evaluations. • Develop and keep updated checklists based on process descriptions, standards, and procedures. • Use the defined criteria and checklists to evaluate if selected performed processes follow process descriptions, standards, and procedures. • Identify and record each noncompliance found during the evaluation. • Leverage recorded best practices in other parts of the organization. | K46: • Criteria • Checklists • Evaluation reports • Noncompliance reports • Improvement proposals | L46: • Portfolio Flow Governance, Technical Practices, & Definition of Done • Solution Flow Governance, Technical Practices, & Definition of Done • ART Flow Assessment Governance, Technical Practices, & Definition of Done • Team Flow Assessment Governance, Technical Practices, & Definition of Done | M46: • Portfolio Backlog (ALM) Reports & Records • Solution Backlog (ALM) Reports & Records • ART Backlog (ALM) Reports & Records • Team Backlog (ALM) Reports & Records • Continous Delivery (ALM) Reports & Records | T46: x | V46: =IF(ISERROR(MATCH("x",O46:U46)),0,MATCH("x",O46:U46)) -> 6
H47: PQA 2.3 | I47: Communicate quality and non-compliance issues and ensure their resolution. | J47: • Communicate and resolve each noncompliance issue. • Escalate noncompliance issues when they cannot be resolved. • Analyze noncompliance issues to identify quality trends. • Ensure affected stakeholders are aware of evaluation results and quality trends. | K47: • Quality trend analysis reports • Noncompliance resolutions | L47: • Portfolio Flow Governance, Technical Practices, & Definition of Done • Solution Flow Governance, Technical Practices, & Definition of Done • ART Flow Assessment Governance, Technical Practices, & Definition of Done • Team Flow Assessment Governance, Technical Practices, & Definition of Done | M47: • Portfolio Backlog (ALM) Reports & Records • Solution Backlog (ALM) Reports & Records • ART Backlog (ALM) Reports & Records • Team Backlog (ALM) Reports & Records • Continous Delivery (ALM) Reports & Records | U47: x | V47: =IF(ISERROR(MATCH("x",O47:U47)),0,MATCH("x",O47:U47)) -> 7
H48: PQA 2.4 | I48: Record and use results of quality assurance activities. | J48: • Record and keep updated information about quality assurance activities. | K48: • Evaluation records • Quality assurance reports • Status reports of non-compliance issues and corrective actions • Reports of quality trends | L48: • Portfolio Flow Assessments & ALM Rules • Solution Flow Assessments & ALM Rules • ART Flow Assessments & ALM Rules • Team Flow Assessments & ALM Rules | M48: • Portfolio Flow Assessment Results & ALM Reports • Solution Flow Assessment Results & ALM Reports • ART Flow Assessment Results & ALM Reports • Team Flow Assessment Results & ALM Reports | T48: x | V48: =IF(ISERROR(MATCH("x",O48:U48)),0,MATCH("x",O48:U48)) -> 6
G49: Level 3 | H49: PQA 3.1 | I49: Identify and record opportunities for improvement during quality assurance activities. | J49: • Record potential improvements observed during quality assurance activities. • Submit improvement proposals. | K49: • Improvement proposals | L49: • Portfolio Flow Assessments & ALM Rules • Solution Flow Assessments & ALM Rules • ART Flow Assessments & ALM Rules • Team Flow Assessments & ALM Rules | M49: • Portfolio Flow Assessment Results & ALM Reports • Solution Flow Assessment Results & ALM Reports • ART Flow Assessment Results & ALM Reports • Team Flow Assessment Results & ALM Reports | S49: x | V49: =IF(ISERROR(MATCH("x",O49:U49)),0,MATCH("x",O49:U49)) -> 5
C50: Core | D50: Requirements Development & Management | E50: RDM | F50: Elicits requirements, confirms common understanding by stakeholders, and aligns requirements, plans, and work products. | G50: Level 1 | H50: RDM 1.1 | I50: Record requirements. | J50: • Record the requirements. | K50: • Recorded requirements | L50: • Portfolio Value Stream, Canvas, UX Model Development, Epics, and Backlog (ALM) Practices • Solution Value Stream, Canvas, UX Model Development, Capabilities, and Backlog (ALM) Practices • ART Value Stream, Canvas, UX Model Development, Features, Stories, and Backlog (ALM) Practices | M50: • Portfolio Backlog (ALM) Reports, Records, & Artifacts • Solution Backlog (ALM) Reports & Records, & Artifacts • ART Backlog (ALM) Reports & Records, & Artifacts | N50: • SAFe has a variety of impactful requirements elicitation and definition activities at all levels: 1. Portfolio - Lean canvases, value stream mapping 2. Solution - Lean systems engineering 3. ART - Lean UX practices | R50: x | V50: =IF(ISERROR(MATCH("x",O50:U50)),0,MATCH("x",O50:U50)) -> 4 | W50: =AVERAGE(V50:V62) -> 4
G51: Level 2 | H51: RDM 2.1 | I51: Elicit stakeholder needs, expectations, constraints, and interfaces or connections, and confirm understanding of the requirements. | J51: • Develop criteria for identifying appropriate requirements providers. • Develop criteria for the evaluation and acceptance of requirements. • Elicit stakeholder needs, expectations, constraints, and interfaces or connections. • Record and analyze stakeholder requirements to ensure that established criteria are met, and keep them updated. • Obtain understanding of and commitments to requirements with the requirements providers and the project participants. | K51: • Lists of agreed upon and authorized requirements providers • Criteria for evaluation and acceptance of requirements • Results of analyses against criteria • List of stakeholder needs, expectations, constraints • List of interfaces or connections • Recorded changes to requirements • Set of approved requirements | L51: • Portfolio Flow, Design Thinking, UX Model Development, Epics, and Backlog (ALM) Practices • Solution Flow, Design Thinking, UX Model Development, Capabilities, and Backlog (ALM) Practices • ART Value Flow, Design Thinking, UX Model Development, Features, Stories, and Backlog (ALM) Practices | M51: • Portfolio Backlog (ALM) Reports, Records, & Artifacts • Solution Backlog (ALM) Reports & Records, & Artifacts • ART Backlog (ALM) Reports & Records, & Artifacts | Q51: x | V51: =IF(ISERROR(MATCH("x",O51:U51)),0,MATCH("x",O51:U51)) -> 3
H52: RDM 2.2 | I52: Transform stakeholder needs, expectations, constraints, and interfaces or connections into prioritized customer requirements. | J52: • Translate stakeholder needs, expectations, constraints, and interfaces or connections into recorded customer requirements. • Develop, record, and keep updated a prioritization of customer requirements. | K52: • Prioritized customer requirements • Customer constraints | L52: • Portfolio Flow, Design Thinking, UX Model Development, Epics, and Backlog (ALM) Practices • Solution Flow, Design Thinking, UX Model Development, Capabilities, and Backlog (ALM) Practices • ART Value Flow, Design Thinking, UX Model Development, Features, Stories, and Backlog (ALM) Practices | M52: • Portfolio Backlog (ALM) Reports, Records, & Artifacts • Solution Backlog (ALM) Reports & Records, & Artifacts • ART Backlog (ALM) Reports & Records, & Artifacts | P52: x | V52: =IF(ISERROR(MATCH("x",O52:U52)),0,MATCH("x",O52:U52)) -> 2
H53: RDM 2.3 | I53: Obtain commitment from project participants that they can implement the requirements. | J53: • Assess the impact of requirements on existing commitments. • Negotiate and record commitments. | K53: • Impact assessment • Recorded commitments that requirements can be met | L53: • Portfolio Flow, Design Thinking, UX Model Development, Epics, and Backlog (ALM) Practices • Solution Flow, Design Thinking, UX Model Development, Capabilities, and Backlog (ALM) Practices • ART Value Flow, Design Thinking, UX Model Development, Features, Stories, and Backlog (ALM) Practices | M53: • Portfolio Backlog (ALM) Reports, Records, & Artifacts • Solution Backlog (ALM) Reports & Records, & Artifacts • ART Backlog (ALM) Reports & Records, & Artifacts | O53: x | V53: =IF(ISERROR(MATCH("x",O53:U53)),0,MATCH("x",O53:U53)) -> 1
H54: RDM 2.4 | I54: Develop, record, and keep updated bidirectional traceability among requirements and activities or work products. | J54: • Develop, record, and keep updated bidirectional requirements traceability. | K54: • Records of bidirectional requirements traceability | L54: • Portfolio Flow, Design Thinking, UX Model Development, Epics, and Backlog (ALM) Practices • Solution Flow, Design Thinking, UX Model Development, Capabilities, and Backlog (ALM) Practices • ART Value Flow, Design Thinking, UX Model Development, Features, Stories, and Backlog (ALM) Practices | M54: • Portfolio Backlog (ALM) Reports, Records, & Artifacts • Solution Backlog (ALM) Reports & Records, & Artifacts • ART Backlog (ALM) Reports & Records, & Artifacts | P54: x | V54: =IF(ISERROR(MATCH("x",O54:U54)),0,MATCH("x",O54:U54)) -> 2
H55: RDM 2.5 | I55: Ensure that plans and activities or work products remain consistent with requirements. | J55: • Review plans, activities, and work products for consistency with requirements and changes made to them. • Record inconsistencies and their sources. • Initiate and record any necessary corrective actions and communicate results to affected stakeholders. | K55: • Records of inconsistencies between requirements, plans, and work products • Corrective actions | L55: • Portfolio Flow, Design Thinking, UX Model Development, Epics, and Backlog (ALM) Practices • Solution Flow, Design Thinking, UX Model Development, Capabilities, and Backlog (ALM) Practices • ART Value Flow, Design Thinking, UX Model Development, Features, Stories, and Backlog (ALM) Practices | M55: • Portfolio Backlog (ALM) Reports, Records, & Artifacts • Solution Backlog (ALM) Reports & Records, & Artifacts • ART Backlog (ALM) Reports & Records, & Artifacts | Q55: x | V55: =IF(ISERROR(MATCH("x",O55:U55)),0,MATCH("x",O55:U55)) -> 3
G56: Level 3 | H56: RDM 3.1 | I56: Develop and keep requirements updated for the solution and its components. | J56: • Develop, record, and keep updated requirements in technical terms necessary for solution and solution component design. • Derive, record, and keep updated requirements that result from solution selections and design decisions. • Record and keep updated bidirectional traceability. • Review requirements for potential impact to architecture and design. • Record and keep updated prioritization of requirements. • Record and keep updated nontechnical requirements. • Identify, record, and keep updated requirements for external and internal interfaces or connections. | K56: • Requirements | L56: • Portfolio Flow, Design Thinking, UX Model Development, Epics, and Backlog (ALM) Practices • Solution Flow, Design Thinking, UX Model Development, Capabilities, and Backlog (ALM) Practices • ART Value Flow, Design Thinking, UX Model Development, Features, Stories, and Backlog (ALM) Practices | M56: • Portfolio Backlog (ALM) Reports, Records, & Artifacts • Solution Backlog (ALM) Reports & Records, & Artifacts • ART Backlog (ALM) Reports & Records, & Artifacts | R56: x | V56: =IF(ISERROR(MATCH("x",O56:U56)),0,MATCH("x",O56:U56)) -> 4
H57: RDM 3.2 | I57: Develop operational concepts and scenarios. | J57: • Develop, record, and keep updated operational concepts and scenarios. • Review operational concepts and scenarios with affected stakeholders to refine and discover requirements. | K57: • Operational concepts and scenarios | L57: • Portfolio Flow, Design Thinking, UX Model Development, Epics, and Backlog (ALM) Practices • Solution Flow, Design Thinking, UX Model Development, Capabilities, and Backlog (ALM) Practices • ART Value Flow, Design Thinking, UX Model Development, Features, Stories, and Backlog (ALM) Practices | M57: • Portfolio Backlog (ALM) Reports, Records, & Artifacts • Solution Backlog (ALM) Reports & Records, & Artifacts • ART Backlog (ALM) Reports & Records, & Artifacts | S57: x | V57: =IF(ISERROR(MATCH("x",O57:U57)),0,MATCH("x",O57:U57)) -> 5
H58: RDM 3.3 | I58: Allocate the requirements to be implemented. | J58: • Allocate, record, and keep updated requirements. • Record and keep updated relationships among allocated requirements. • Review requirements allocations and relationships with affected stakeholders. | K58: • Requirement allocations | L58: • Portfolio Flow, Design Thinking, UX Model Development, Epics, and Backlog (ALM) Practices • Solution Flow, Design Thinking, UX Model Development, Capabilities, and Backlog (ALM) Practices • ART Value Flow, Design Thinking, UX Model Development, Features, Stories, and Backlog (ALM) Practices | M58: • Portfolio Backlog (ALM) Reports, Records, & Artifacts • Solution Backlog (ALM) Reports & Records, & Artifacts • ART Backlog (ALM) Reports & Records, & Artifacts | T58: x | V58: =IF(ISERROR(MATCH("x",O58:U58)),0,MATCH("x",O58:U58)) -> 6
H59: RDM 3.4 | I59: Identify, develop, and keep updated interface or connection requirements. | J59: • Identify, record, and keep updated internal and external interface or connection requirements. • Review interface or connection requirements for coverage and completeness with affected stakeholders, and record results. | K59: • Interface or connection requirements • Interface or connection requirements review results • Action items for updating interface or connection requirements • Updated interface or connection requirements | L59: • Portfolio Flow, Design Thinking, UX Model Development, Epics, and Backlog (ALM) Practices • Solution Flow, Design Thinking, UX Model Development, Capabilities, and Backlog (ALM) Practices • ART Value Flow, Design Thinking, UX Model Development, Features, Stories, and Backlog (ALM) Practices | M59: • Portfolio Backlog (ALM) Reports, Records, & Artifacts • Solution Backlog (ALM) Reports & Records, & Artifacts • ART Backlog (ALM) Reports & Records, & Artifacts | U59: x | V59: =IF(ISERROR(MATCH("x",O59:U59)),0,MATCH("x",O59:U59)) -> 7
H60: RDM 3.5 | I60: Ensure that requirements are necessary and sufficient. | J60: • Perform a requirements analysis to determine if requirements are necessary and sufficient. • Review analysis results with stakeholders. • Update requirements based on review results. | K60: • Requirements analysis results • Updated requirements | L60: • Portfolio Flow, Design Thinking, UX Model Development, Epics, and Backlog (ALM) Practices • Solution Flow, Design Thinking, UX Model Development, Capabilities, and Backlog (ALM) Practices • ART Value Flow, Design Thinking, UX Model Development, Features, Stories, and Backlog (ALM) Practices | M60: • Portfolio Backlog (ALM) Reports, Records, & Artifacts • Solution Backlog (ALM) Reports & Records, & Artifacts • ART Backlog (ALM) Reports & Records, & Artifacts | T60: x | V60: =IF(ISERROR(MATCH("x",O60:U60)),0,MATCH("x",O60:U60)) -> 6
H61: RDM 3.6 | I61: Balance stakeholder needs and constraints. | J61: • Develop and keep updated a definition of required functionality and quality attributes. • Analyze requirements to ensure that they balance stakeholder needs and constraints. • Review, analyze and negotiate requirements tradeoffs with customers and stakeholders. • Record and keep updated proposed requirements changes and communicate with affected stakeholders. • Validate requirements to ensure the resulting service system will perform as intended in the end user’s environment. | K61: • Operational concepts and scenarios, use cases, activity diagrams, and user stories • Analysis methods and results • Proposed requirements changes | L61: • Portfolio Flow, Design Thinking, UX Model Development, Epics, and Backlog (ALM) Practices • Solution Flow, Design Thinking, UX Model Development, Capabilities, and Backlog (ALM) Practices • ART Value Flow, Design Thinking, UX Model Development, Features, Stories, and Backlog (ALM) Practices | M61: • Portfolio Backlog (ALM) Reports, Records, & Artifacts • Solution Backlog (ALM) Reports & Records, & Artifacts • ART Backlog (ALM) Reports & Records, & Artifacts | S61: x | V61: =IF(ISERROR(MATCH("x",O61:U61)),0,MATCH("x",O61:U61)) -> 5
H62: RDM 3.7 | I62: Validate requirements to ensure the resulting solution will perform as intended in the target environment. | J62: • Identify and select validation techniques. • Validate the requirements using selected techniques and record results. • Review and communicate validation results with stakeholders. • Update requirements. | K62: • Selected validation techniques • Record of validation results • Updated requirements | L62: • Portfolio Flow, Design Thinking, UX Model Development, Epics, and Backlog (ALM) Practices • Solution Flow, Design Thinking, UX Model Development, Capabilities, and Backlog (ALM) Practices • ART Value Flow, Design Thinking, UX Model Development, Features, Stories, and Backlog (ALM) Practices | M62: • Portfolio Backlog (ALM) Reports, Records, & Artifacts • Solution Backlog (ALM) Reports & Records, & Artifacts • ART Backlog (ALM) Reports & Records, & Artifacts | R62: x | V62: =IF(ISERROR(MATCH("x",O62:U62)),0,MATCH("x",O62:U62)) -> 4
C63: Core | D63: Verification & Validation | E63: VV | F63: Confirms selected solutions and components meet their requirements, and demonstrates selected solutions and components fulfill their intended use in their target environment. | G63: Level 1 | H63: VV 1.1 | I63: Perform verification to ensure the requirements are implemented and record and communicate results. | J63: • Perform the verification of selected work products and solutions against their requirements. • Record and communicate the results of verification activities. • Identify action items resulting from verification. | K63: • Verification results • Action items | L63: • Portfolio Enterprise Architecture, Peer Reviews, Static Analysis, Dynamic Analysis, and MBSE Practices • Solution Architecture, Solution Intent Peer Reviews, Static Analysis, Dynamic Analysis, and MBSE Practices • ART System Architecture, Peer Reviews, Static Analysis, Dynamic Analysis, and MBSE Practices • Continuous Delivery Static & Dynamic Analysis | M63: • Portfolio Enterprise Architecture, Peer Reviews, Static Analysis, Dynamic Analysis, and MBSE (ALM) Records & Reports • Solution Architecture, Solution Intent Peer Reviews, Static Analysis, Dynamic Analysis, & MBSE (ALM) Records & Reports • ART System Architecture, Peer Reviews, Static Analysis, Dynamic Analysis, & MBSE (ALM) Records & Reports • Continuous Delivery Static & Dynamic Analysis (ALM) Records & Reports | N63: • SAFe strongly supports verification and validation at multiple levels: 1. Portfolio - Enterprise Architecture 2. Solution - Solution Architecture, Solution Intent 3. ART - System Architecture, Continuous Delivery Pipeline • Manual and automated static and dynamic analysis are build into: 1. MBSE practices, systems, and tools 2. Definition of done at all levels 3. Continuous delivery pipelines 4. Automated testing and security analysis | Q63: x | V63: =IF(ISERROR(MATCH("x",O63:U63)),0,MATCH("x",O63:U63)) -> 3 | W63: =AVERAGE(V63:V69) -> 2.8571429
H64: VV 1.2 | I64: Perform validation to ensure the solution will function as intended in its target environment and record and communicate results. | J64: • Validate selected work products and solutions with stakeholders throughout the lifecycle to ensure they function as intended in their target environment. • Analyze and communicate the results of validation activities. | K64: • Validation results • Analysis results | L64: • Portfolio Enterprise Architecture, Peer Reviews, Static Analysis, Dynamic Analysis, and MBSE Practices • Solution Architecture, Solution Intent Peer Reviews, Static Analysis, Dynamic Analysis, and MBSE Practices • ART System Architecture, Peer Reviews, Static Analysis, Dynamic Analysis, and MBSE Practices • Continuous Delivery Static & Dynamic Analysis | M64: • Portfolio Enterprise Architecture, Peer Reviews, Static Analysis, Dynamic Analysis, and MBSE (ALM) Records & Reports • Solution Architecture, Solution Intent Peer Reviews, Static Analysis, Dynamic Analysis, & MBSE (ALM) Records & Reports • ART System Architecture, Peer Reviews, Static Analysis, Dynamic Analysis, & MBSE (ALM) Records & Reports • Continuous Delivery Static & Dynamic Analysis (ALM) Records & Reports | P64: x | V64: =IF(ISERROR(MATCH("x",O64:U64)),0,MATCH("x",O64:U64)) -> 2
G65: Level 2 | H65: VV 2.1 | I65: Select components and methods for verification and validation. | J65: • Select solution components for verification and validation. • Identify requirements to be satisfied by each selected work product. • Determine which customer requirements and end user needs will be validated. • Define, record, and keep updated verification and validation methods to be used for each selected solution. • Review the validation selection, roles, responsibilities, constraints, and methods with affected stakeholders. | K65: • Lists of solution components selected for verification and validation • Verification and validation methods for each selected solution component • List of requirements to be verified and validated | L65: • Portfolio Enterprise Architecture, Peer Reviews, Static Analysis, Dynamic Analysis, and MBSE Practices • Solution Architecture, Solution Intent Peer Reviews, Static Analysis, Dynamic Analysis, and MBSE Practices • ART System Architecture, Peer Reviews, Static Analysis, Dynamic Analysis, and MBSE Practices • Continuous Delivery Static & Dynamic Analysis | M65: • Portfolio Enterprise Architecture, Peer Reviews, Static Analysis, Dynamic Analysis, and MBSE (ALM) Records & Reports • Solution Architecture, Solution Intent Peer Reviews, Static Analysis, Dynamic Analysis, & MBSE (ALM) Records & Reports • ART System Architecture, Peer Reviews, Static Analysis, Dynamic Analysis, & MBSE (ALM) Records & Reports • Continuous Delivery Static & Dynamic Analysis (ALM) Records & Reports | O65: x | V65: =IF(ISERROR(MATCH("x",O65:U65)),0,MATCH("x",O65:U65)) -> 1
H66: VV 2.2 | I66: Develop, keep updated, and use the environment needed to support verification and validation. | J66: • Identify requirements for the verification and validation environment. • Identify customer-supplied solutions and components. • Identify verification and validation resources, equipment, and tools. • Develop or acquire and keep the verification and validation environments updated. | K66: • Verification environment • Validation environment | L66: • Portfolio Enterprise Architecture, Peer Reviews, Static Analysis, Dynamic Analysis, and MBSE Practices • Solution Architecture, Solution Intent Peer Reviews, Static Analysis, Dynamic Analysis, and MBSE Practices • ART System Architecture, Peer Reviews, Static Analysis, Dynamic Analysis, and MBSE Practices • Continuous Delivery Static & Dynamic Analysis | M66: • Portfolio Enterprise Architecture, Peer Reviews, Static Analysis, Dynamic Analysis, and MBSE (ALM) Records & Reports • Solution Architecture, Solution Intent Peer Reviews, Static Analysis, Dynamic Analysis, & MBSE (ALM) Records & Reports • ART System Architecture, Peer Reviews, Static Analysis, Dynamic Analysis, & MBSE (ALM) Records & Reports • Continuous Delivery Static & Dynamic Analysis (ALM) Records & Reports | P66: x | V66: =IF(ISERROR(MATCH("x",O66:U66)),0,MATCH("x",O66:U66)) -> 2
H67: VV 2.3 | I67: Develop, keep updated, and follow procedures for verification and validation. | J67: • Identify criteria for selecting work products and activities for verification and validation. • Develop and keep updated procedures for verification and validation. • Perform verification and validation in accordance with the procedures. | K67: • Verification procedures • Validation procedures • Verification and validation results | L67: • Portfolio Enterprise Architecture, Peer Reviews, Static Analysis, Dynamic Analysis, and MBSE Practices • Solution Architecture, Solution Intent Peer Reviews, Static Analysis, Dynamic Analysis, and MBSE Practices • ART System Architecture, Peer Reviews, Static Analysis, Dynamic Analysis, and MBSE Practices • Continuous Delivery Static & Dynamic Analysis | M67: • Portfolio Enterprise Architecture, Peer Reviews, Static Analysis, Dynamic Analysis, and MBSE (ALM) Records & Reports • Solution Architecture, Solution Intent Peer Reviews, Static Analysis, Dynamic Analysis, & MBSE (ALM) Records & Reports • ART System Architecture, Peer Reviews, Static Analysis, Dynamic Analysis, & MBSE (ALM) Records & Reports • Continuous Delivery Static & Dynamic Analysis (ALM) Records & Reports | Q67: x | V67: =IF(ISERROR(MATCH("x",O67:U67)),0,MATCH("x",O67:U67)) -> 3
G68: Level 3 | H68: VV 3.1 | I68: Develop, keep updated, and use criteria for verification and validation. | J68: • Develop verification and validation criteria and refine them as work progresses. | K68: • Verification criteria • Validation criteria | L68: • Portfolio Enterprise Architecture, Peer Reviews, Static Analysis, Dynamic Analysis, and MBSE Practices • Solution Architecture, Solution Intent Peer Reviews, Static Analysis, Dynamic Analysis, and MBSE Practices • ART System Architecture, Peer Reviews, Static Analysis, Dynamic Analysis, and MBSE Practices • Continuous Delivery Static & Dynamic Analysis | M68: • Portfolio Enterprise Architecture, Peer Reviews, Static Analysis, Dynamic Analysis, and MBSE (ALM) Records & Reports • Solution Architecture, Solution Intent Peer Reviews, Static Analysis, Dynamic Analysis, & MBSE (ALM) Records & Reports • ART System Architecture, Peer Reviews, Static Analysis, Dynamic Analysis, & MBSE (ALM) Records & Reports • Continuous Delivery Static & Dynamic Analysis (ALM) Records & Reports | R68: x | V68: =IF(ISERROR(MATCH("x",O68:U68)),0,MATCH("x",O68:U68)) -> 4
H69: VV 3.2 | I69: Analyze and communicate verification and validation results. | J69: • Compare actual results to expected results. • Identify the results that do not meet established criteria for verification. • Identify the results that do not meet established criteria for validation. • Analyze verification and validation results that do not meet established criteria and determine corrective actions. • Submit improvement proposals for the verification and validation process. • Record and communicate analysis results and corrective actions to affected stakeholders. | K69: • Results of actual to expected comparisons for verification and validation • Analysis results | L69: • Portfolio Enterprise Architecture, Peer Reviews, Static Analysis, Dynamic Analysis, and MBSE Practices • Solution Architecture, Solution Intent Peer Reviews, Static Analysis, Dynamic Analysis, and MBSE Practices • ART System Architecture, Peer Reviews, Static Analysis, Dynamic Analysis, and MBSE Practices • Continuous Delivery Static & Dynamic Analysis | M69: • Portfolio Enterprise Architecture, Peer Reviews, Static Analysis, Dynamic Analysis, and MBSE (ALM) Records & Reports • Solution Architecture, Solution Intent Peer Reviews, Static Analysis, Dynamic Analysis, & MBSE (ALM) Records & Reports • ART System Architecture, Peer Reviews, Static Analysis, Dynamic Analysis, & MBSE (ALM) Records & Reports • Continuous Delivery Static & Dynamic Analysis (ALM) Records & Reports | S69: x | V69: =IF(ISERROR(MATCH("x",O69:U69)),0,MATCH("x",O69:U69)) -> 5
B70: Selecting & Managing Suppliers | C70: Suppliers | D70: Supplier Agreement Management | E70: SAM | F70: Selects qualified suppliers, establishes agreements, and manages the resulting supplier and acquirer activities over the term of the agreement. | G70: Level 1 | H70: SAM 1.1 | I70: Identify, evaluate, and select suppliers. | J70: • Identify potential suppliers and distribute requests for proposals. • Evaluate proposals and select suppliers. | K70: • List of potential suppliers • RFP • Proposal evaluation | L70: • Portfolio Flow Governance, Contracting, and Statement of Work Practices & Templates • Solution Flow Governance, Contracting, and Statement of Work Practices & Templates • ART Flow Governance, Contracting, and Statement of Work Practices & Templates • Team Flow Governance, Contracting, and Statement of Work Practices & Templates | M70: • Portfolio Backlog (ALM) Reports, Records, & Artifacts • Solution Backlog (ALM) Reports & Records, & Artifacts • ART Backlog (ALM) Reports & Records, & Artifacts | N70: • SAFe strongly supports supplier agreement management at multiple levels: 1. Portfolio - Governance, SAFe contracting 2. Solution - Governance, SAFe contracting 3. ART - Governance, SAFe contracting 4. Team - Governance, SAFe contracting | T70: x | V70: =IF(ISERROR(MATCH("x",O70:U70)),0,MATCH("x",O70:U70)) -> 6 | W70: =AVERAGE(V70:V77) -> 4.25
H71: SAM 1.2 | I71: Develop and record the supplier agreement. | J71: • Develop and record a supplier agreement. • Negotiate the terms of the candidate agreement with the supplier. • Reach agreement with supplier. | K71: • Supplier Agreement | L71: • Portfolio Flow Governance, Contracting, and Statement of Work Practices & Templates • Solution Flow Governance, Contracting, and Statement of Work Practices & Templates • ART Flow Governance, Contracting, and Statement of Work Practices & Templates • Team Flow Governance, Contracting, and Statement of Work Practices & Templates | M71: • Portfolio Backlog (ALM) Reports, Records, & Artifacts • Solution Backlog (ALM) Reports & Records, & Artifacts • ART Backlog (ALM) Reports & Records, & Artifacts | U71: x | V71: =IF(ISERROR(MATCH("x",O71:U71)),0,MATCH("x",O71:U71)) -> 7
H72: SAM 1.3 | I72: Accept or reject the supplier deliverables. | J72: • Accept or reject the supplier deliverable based on the extent that the agreed-on supplier deliverable meets contractual requirements. | K72: • Deliverables per the supplier agreement | L72: • Portfolio Flow Governance, Contracting, and Statement of Work Practices & Templates • Solution Flow Governance, Contracting, and Statement of Work Practices & Templates • ART Flow Governance, Contracting, and Statement of Work Practices & Templates • Team Flow Governance, Contracting, and Statement of Work Practices & Templates | M72: • Portfolio Backlog (ALM) Reports, Records, & Artifacts • Solution Backlog (ALM) Reports & Records, & Artifacts • ART Backlog (ALM) Reports & Records, & Artifacts | T72: x | V72: =IF(ISERROR(MATCH("x",O72:U72)),0,MATCH("x",O72:U72)) -> 6
H73: SAM 1.4 | I73: Process supplier invoices. | J73: • Process supplier invoices in accordance with agreements. | K73: • Records of supplier invoices | L73: • Portfolio Flow Governance, Contracting, and Statement of Work Practices & Templates • Solution Flow Governance, Contracting, and Statement of Work Practices & Templates • ART Flow Governance, Contracting, and Statement of Work Practices & Templates • Team Flow Governance, Contracting, and Statement of Work Practices & Templates | M73: • Portfolio Backlog (ALM) Reports, Records, & Artifacts • Solution Backlog (ALM) Reports & Records, & Artifacts • ART Backlog (ALM) Reports & Records, & Artifacts | S73: x | V73: =IF(ISERROR(MATCH("x",O73:U73)),0,MATCH("x",O73:U73)) -> 5
G74: Level 2 | H74: SAM 2.1 | I74: Identify evaluation criteria, potential suppliers, and distribute supplier requests. | J74: • Develop the Statement of Work (SOW) for the supplier. • Develop terms and conditions and additional information. • Develop and record the required proposal contents. • Develop proposal evaluation criteria. • Identify and finalize a list of qualified suppliers. • Communicate and review the supplier request package with affected stakeholders prior to distribution and obtain commitment. • Manage supplier request package. | K74: • Records of reviews of the supplier request package and stakeholder commitments • Supplier and proposal evaluation criteria • Supplier request package • List of qualified suppliers • Communication records | L74: • Portfolio Flow Governance, Contracting, and Statement of Work Practices & Templates • Solution Flow Governance, Contracting, and Statement of Work Practices & Templates • ART Flow Governance, Contracting, and Statement of Work Practices & Templates • Team Flow Governance, Contracting, and Statement of Work Practices & Templates | M74: • Portfolio Backlog (ALM) Reports, Records, & Artifacts • Solution Backlog (ALM) Reports & Records, & Artifacts • ART Backlog (ALM) Reports & Records, & Artifacts | R74: x | V74: =IF(ISERROR(MATCH("x",O74:U74)),0,MATCH("x",O74:U74)) -> 4
H75: SAM 2.2 | I75: Evaluate supplier responses according to recorded evaluation criteria and select suppliers. | J75: • Verify conformance to requirements and completeness of supplier responses. • Distribute supplier proposals to individuals performing the evaluation. • Conduct initial review of supplier proposals. • Schedule and hold supplier presentations. • Evaluate and score supplier proposals according to evaluation criteria. • Perform due diligence on highest ranking suppliers. • Negotiate with suppliers. • Select a supplier. | K75: • Supplier proposal • List of candidate suppliers • Clarification correspondence between the acquirer and potential suppliers • Evaluation results and rationale • Revisions due to negotiations • Supplier selection decision | L75: • Portfolio Flow Governance, Contracting, and Statement of Work Practices & Templates • Solution Flow Governance, Contracting, and Statement of Work Practices & Templates • ART Flow Governance, Contracting, and Statement of Work Practices & Templates • Team Flow Governance, Contracting, and Statement of Work Practices & Templates | M75: • Portfolio Backlog (ALM) Reports, Records, & Artifacts • Solution Backlog (ALM) Reports & Records, & Artifacts • ART Backlog (ALM) Reports & Records, & Artifacts | Q75: x | V75: =IF(ISERROR(MATCH("x",O75:U75)),0,MATCH("x",O75:U75)) -> 3
H76: SAM 2.3 | I76: Manage supplier activities as specified in the supplier agreement and keep agreement updated. | J76: • Establish supplier agreement. • Verify that the acquirer and supplier understand and agree to all requirements by approving the supplier agreement. • Monitor supplier progress and performance, e.g., schedule, effort, cost, technical, as defined in the supplier agreement. • Conduct agreement reviews with the supplier as specified in the supplier agreement. • Conduct technical reviews with the supplier as defined in the supplier agreement. • Conduct management reviews with the supplier as specified in the supplier agreement. • Record results of the reviews and interactions. • Manage the supplier agreement and keep it updated. • Verify that the acquirer and supplier understand and agree to all changes to requirements by approving the updated supplier agreement. • Communicate changes to the supplier agreement with affected stakeholders. | K76: • Supplier agreement • Formal change requests or contract addenda • Records of communication, progress, review materials, and performance reports | L76: • Portfolio Flow Governance, Contracting, and Statement of Work Practices & Templates • Solution Flow Governance, Contracting, and Statement of Work Practices & Templates • ART Flow Governance, Contracting, and Statement of Work Practices & Templates • Team Flow Governance, Contracting, and Statement of Work Practices & Templates | M76: • Portfolio Backlog (ALM) Reports, Records, & Artifacts • Solution Backlog (ALM) Reports & Records, & Artifacts • ART Backlog (ALM) Reports & Records, & Artifacts | P76: x | V76: =IF(ISERROR(MATCH("x",O76:U76)),0,MATCH("x",O76:U76)) -> 2
H77: SAM 2.4 | I77: Verify that the supplier agreement is satisfied before accepting the acquired supplier deliverable. | J77: • Refine, update or add, and use acceptance criteria and procedures to verify that the supplier agreement is satisfied. • Review and obtain agreement from affected stakeholders on the acceptance procedures before the acceptance review. • Following acceptance criteria and procedures, verify that the acquired supplier deliverable satisfies the supplier agreement. • Confirm that all agreed-on contractual requirements for the acquired supplier deliverable are satisfied. • Communicate to affected stakeholders that the supplier agreement has been satisfied. | K77: • Acceptance criteria and procedures • Discrepancy reports or corrective action plans • Acceptance review report with recorded approval • Formal acceptance notifications • A record that all agreement requirements have been met | L77: • Portfolio Flow Governance, Contracting, and Statement of Work Practices & Templates • Solution Flow Governance, Contracting, and Statement of Work Practices & Templates • ART Flow Governance, Contracting, and Statement of Work Practices & Templates • Team Flow Governance, Contracting, and Statement of Work Practices & Templates | M77: • Portfolio Backlog (ALM) Reports, Records, & Artifacts • Solution Backlog (ALM) Reports & Records, & Artifacts • ART Backlog (ALM) Reports & Records, & Artifacts | O77: x | V77: =IF(ISERROR(MATCH("x",O77:U77)),0,MATCH("x",O77:U77)) -> 1
A78: Managing | B78: Managing Business Resilience | C78: Services | D78: Continuity | E78: CONT | F78: Anticipates and addresses disruptions to critical business operations so work can continue or resume as soon as possible. | G78: Level 1 | H78: CONT 1.1 | I78: Develop contingency approaches for managing significant disruptions to operations. | J78: • Record contingency approaches. • Specify trigger values. | K78: • Records of contingency approaches • Trigger values | L78: • Portfolio Flow & Planning Practices • Solution Flow & Planning Practices • ART Flow & Planning Practices • Team Flow & Planning Practices | M78: • Portfolio (Epic) Backlog (ALM) Reports, Records, & Artifacts • Solution (Capability) Backlog (ALM) Reports & Records, & Artifacts • ART (Feature) Backlog (ALM) Reports & Records, & Artifacts | N78: • SAFe strongly supports continuity of operations (COOP at multiple levels: 1. Portfolio - Governance, Nonfunctional Requirements, Backlogs, Epics, Epic Enablers, Value Streams 2. Solution - Governance, Nonfunctional Requirements, Backlogs, Capabilities, Capability Enablers, Value Streams 3. ART - Governance, Nonfunctional Requirements, Backlogs, Features, Feature Enablers, Value Streams 4. Team - Governance, Nonfunctional Requirements, Backlogs, Stories, Story Enablers, Value Streams | P78: x | V78: =IF(ISERROR(MATCH("x",O78:U78)),0,MATCH("x",O78:U78)) -> 2 | W78: =AVERAGE(V78:V84) -> 4.7142857
G79: Level 2 | H79: CONT 2.1 | I79: Identify and prioritize functions essential for continuity. | J79: • Develop continuity scenarios. • Identify the essential functions on which operations rely. • Analyze the criticality and the impact to operations if the project cannot perform the essential functions. • Prioritize the list of essential functions. | K79: • Prioritized list of critical functions • Business impact analyses | L79: • Portfolio Flow & Planning Practices • Solution Flow & Planning Practices • ART Flow & Planning Practices • Team Flow & Planning Practices | M79: • Portfolio Roadmaps & Plans • Solution Roadmaps & Plans • ART Roadmaps & Plans • Team Roadmaps & Plans | Q79: x | V79: =IF(ISERROR(MATCH("x",O79:U79)),0,MATCH("x",O79:U79)) -> 3
H80: CONT 2.2 | I80: Identify and prioritize resources essential for continuity. | J80: • Identify and record internal and external dependencies. • Identify and record key personnel and their roles in providing continuing operations. • Identify and record organizational and affected stakeholder responsibilities. • Identify and record resources required to ensure continuity of essential functions. • Evaluate and prioritize resources based on the impact of their loss or lack of access. • Develop safety provisions for operations personnel. • Ensure needed records and databases are protected, accessible, and usable in an emergency. | K80: • Records of critical resources required for continuity • Records of agreements and contracts • Backup and recovery records of legal operation charters • Backup and recovery records for human resource data | L80: • Portfolio Enterprise Architecture Practices • Solution Architecture & Solution Intent Practices • ART System Architecture Practices | M80: • Portfolio Enterprise Architecture • Solution Architecture & Solution Intent • ART System Architecture | R80: x | V80: =IF(ISERROR(MATCH("x",O80:U80)),0,MATCH("x",O80:U80)) -> 4
H81: CONT 2.3 | I81: Develop, keep updated, and follow continuity plans to resume performing essential functions. | J81: • Identify and record threats and vulnerabilities to ongoing operations. • Record continuity plans. • Validate continuity plans with affected stakeholders. • Ensure that secure storage and access methods exist for continuity plans and critical information and functions needed to implement the plans. • Protect vital data and systems. • Record the criteria and procedures for shifting from the normal operations environment to a Continuity of Operations (COOP) environment. • Revise continuity plans as necessary. | K81: • List of threats and vulnerabilities • Continuity plans | L81: • Portfolio Enterprise Architecture Practices • Solution Architecture & Solution Intent Practices • ART System Architecture Practices | M81: • Portfolio Enterprise Architecture • Solution Architecture & Solution Intent • ART System Architecture | S81: x | V81: =IF(ISERROR(MATCH("x",O81:U81)),0,MATCH("x",O81:U81)) -> 5
G82: Level 3 | H82: CONT 3.1 | I82: Develop and keep updated materials for continuity training. | J82: • Develop a strategy for conducting continuity training. • Develop and record continuity training for each category of threat and vulnerability to operations. • Review continuity training material with affected stakeholders. • Revise training material as needed to reflect changes in continuity plans and feedback on training effectiveness. | K82: • Continuity training strategy • Continuity training material • Continuity training review results | L82: • Portfolio Flow & Planning Practices • Solution Flow & Planning Practices • ART Flow & Planning Practices • Team Flow & Planning Practices | M82: • Portfolio (Epic) Backlog (ALM) Reports, Records, & Artifacts • Solution (Capability) Backlog (ALM) Reports & Records, & Artifacts • ART (Feature) Backlog (ALM) Reports & Records, & Artifacts | T82: x | V82: =IF(ISERROR(MATCH("x",O82:U82)),0,MATCH("x",O82:U82)) -> 6
H83: CONT 3.2 | I83: Provide and evaluate continuity training according to the plan. | J83: • Deliver training that covers initiation and implementation of continuity plans. • Keep updated records of those who successfully complete continuity training. • Collect feedback on how well continuity training has prepared those who will implement the continuity plan. • Analyze training feedback and record suggested improvements to continuity plans and continuity training. • Update continuity plans and continuity training as needed. | K83: • Training records • Evaluations of training effectiveness by students and training specialists • Suggested improvements to the continuity plan | L83: • Portfolio Flow & Planning Practices • Solution Flow & Planning Practices • ART Flow & Planning Practices • Team Flow & Planning Practices | M83: • Portfolio Roadmaps, Plans, & (Epic) Backlog (ALM) Reports, Records, & Artifacts • Solution Roadmaps, Plans, & (Capability) Backlog (ALM) Reports & Records, & Artifacts • ART Roadmaps, Plans, & (Feature) Backlog (ALM) Reports & Records, & Artifacts • Team Roadmaps, Plans, & (Story) Backlog (ALM) Reports & Records, & Artifacts | U83: x | V83: =IF(ISERROR(MATCH("x",O83:U83)),0,MATCH("x",O83:U83)) -> 7
H84: CONT 3.3 | I84: Prepare, conduct, and analyze results from verification and validation of the continuity plan. | J84: • Develop a plan for verifying and validating continuity. • Prepare the environment to conduct verification and validation. • Prepare checklists to verify and validate the continuity plan. • Review the verification and validation plan with affected stakeholders. • Decide on the procedures and criteria to verify and validate the continuity plan. • Conduct verification and validation of the continuity plan. • Evaluate results of verification and validation activities. • Collect improvement proposals for business operations or system components as appropriate based on the analyses of results. • Provide information on defect resolution and initiate corrective action. • Record the results and recommendations of verification and validation activities. • Record recommendations for improving the continuity plan. • Update the continuity plan as necessary. | K84: • Verification and validation plan for assuring continuity • Evaluation methods used for verification and validation • Description of environments necessary to conduct verification and validation • Verification and validation procedures • Criteria for what constitutes successful verification and validation • List of personnel and affected stakeholders involved in continuity verification and validation activities • Verification and validation analysis reports • Recommendations for improvement | L84: • Portfolio Enterprise Architecture, Peer Reviews, Static Analysis, & MBSE Practices • Solution Architecture, Solution Intent Peer Reviews, Static Analysis, Dynamic Analysis, & MBSE Practices • ART System Architecture, Peer Reviews, Static Analysis, Dynamic Analysis, & MBSE Practices • Team System Design Peer Reviews, Static Analysis, Dynamic Analysis, & MBSE Practices • Continuous Delivery Static & Dynamic Analysis Practices | M84: • Portfolio Enterprise Architecture, Peer Reviews, Static Analysis, Dynamic Analysis, & MBSE (ALM) Records & Reports • Solution Architecture, Solution Intent Peer Reviews, Static Analysis, Dynamic Analysis, & MBSE (ALM) Records & Reports • ART System Architecture, Peer Reviews, Static Analysis, Dynamic Analysis, & MBSE (ALM) Records & Reports • Team System Design Peer Reviews, Static Analysis, & Dynamic Analysis (ALM) Records & Reports • Continuous Delivery Static & Dynamic Analysis (ALM) Records & Reports | T84: x | V84: =IF(ISERROR(MATCH("x",O84:U84)),0,MATCH("x",O84:U84)) -> 6
C85: Services | D85: Incident Resolution & Prevention | E85: IRP | F85: Resolves and prevents disruptions promptly to sustain service delivery levels. | G85: Level 1 | H85: IRP 1.1 | I85: Record and resolve incidents. | J85: • Record incidents. • Address each incident. • Record incident status. | K85: • Updated list of incidents and their status | L85: • Portfolio Enterprise Architecture, Peer Reviews, Static Analysis, & MBSE Practices • Solution Architecture, Solution Intent Peer Reviews, Static Analysis, Dynamic Analysis, & MBSE Practices • ART System Architecture, Peer Reviews, Static Analysis, Dynamic Analysis, & MBSE Practices • Team System Design Peer Reviews, Static Analysis, Dynamic Analysis, & MBSE Practices • Continuous Delivery Static & Dynamic Analysis Practices | M85: • Portfolio Enterprise Architecture, Peer Reviews, Static Analysis, Dynamic Analysis, & MBSE (ALM) Records & Reports • Solution Architecture, Solution Intent Peer Reviews, Static Analysis, Dynamic Analysis, & MBSE (ALM) Records & Reports • ART System Architecture, Peer Reviews, Static Analysis, Dynamic Analysis, & MBSE (ALM) Records & Reports • Team System Design Peer Reviews, Static Analysis, & Dynamic Analysis (ALM) Records & Reports • Continuous Delivery Static & Dynamic Analysis (ALM) Records & Reports | N85: • SAFe strongly supports incidence resolution and prevention at multiple levels: 1. Portfolio - Lean Governance, Practices, Tools, WIP Limits, Service Levels, Definition of Done 2. Solution - Lean Governance, Practices, Tools, WIP Limits, Service Levels, Definition of Done 3. ART - Lean Governance, Practices, Tools, WIP Limits, Service Levels, Definition of Done 4. Team - Lean Governance, Practices, Tools, WIP Limits, Service Levels, Definition of Done 5. Continuous Delivery - Reliability, Maintainability, Recovery, Rollback, Backup, Redundancy, etc. | S85: x | V85: =IF(ISERROR(MATCH("x",O85:U85)),0,MATCH("x",O85:U85)) -> 5 | W85: =AVERAGE(V85:V90) -> 2.8333333
G86: Level 2 | H86: IRP 2.1 | I86: Develop, keep updated, and follow an approach for incident resolution and prevention. | J86: • Identify incidents. • Record and keep updated information that is useful in managing, resolving, and preventing incidents. • Define criteria and categories for incidents and to determine what is a valid incident. • Identify, record, and keep workarounds or agreed-upon responses updated. • Review incident resolutions with affected stakeholders. • Record lessons learned. | K86: • Recorded incidents and associated information • Incident criteria and categories • Incident resolution and prevention approach • Records of stakeholder reviews • Recorded workarounds or responses • Recorded lessons learned | L86: • Portfolio Flow & Planning Practices • Solution Flow & Planning Practices • ART Flow & Planning Practices • Team Flow & Planning Practices | M86: • Portfolio Roadmaps, Plans, & (Epic) Backlog (ALM) Reports, Records, & Artifacts • Solution Roadmaps, Plans, & (Capability) Backlog (ALM) Reports & Records, & Artifacts • ART Roadmaps, Plans, & (Feature) Backlog (ALM) Reports & Records, & Artifacts • Team Roadmaps, Plans, & (Story) Backlog (ALM) Reports & Records, & Artifacts | R86: x | V86: =IF(ISERROR(MATCH("x",O86:U86)),0,MATCH("x",O86:U86)) -> 4
H87: IRP 2.2 | I87: Monitor and resolve each incident to closure. | J87: • Monitor incidents until they meet the terms of the customer agreement. • Escalate incidents as necessary. • Close incidents that meet the criteria for closure. | K87: • Updated list of incidents and their status • Closed incident records | L87: • Portfolio Flow & Planning Practices • Solution Flow & Planning Practices • ART Flow & Planning Practices • Team Flow & Planning Practices | M87: • Portfolio Roadmaps, Plans, & (Epic) Backlog (ALM) Reports, Records, & Artifacts • Solution Roadmaps, Plans, & (Capability) Backlog (ALM) Reports & Records, & Artifacts • ART Roadmaps, Plans, & (Feature) Backlog (ALM) Reports & Records, & Artifacts • Team Roadmaps, Plans, & (Story) Backlog (ALM) Reports & Records, & Artifacts | Q87: x | V87: =IF(ISERROR(MATCH("x",O87:U87)),0,MATCH("x",O87:U87)) -> 3
H88: IRP 2.3 | I88: Communicate incident status. | J88: • Communicate incident status. | K88: • Records of communication with customers and end users • Status reports | L88: • Portfolio Flow & Planning Practices • Solution Flow & Planning Practices • ART Flow & Planning Practices • Team Flow & Planning Practices | M88: • Portfolio Roadmaps, Plans, & (Epic) Backlog (ALM) Reports, Records, & Artifacts • Solution Roadmaps, Plans, & (Capability) Backlog (ALM) Reports & Records, & Artifacts • ART Roadmaps, Plans, & (Feature) Backlog (ALM) Reports & Records, & Artifacts • Team Roadmaps, Plans, & (Story) Backlog (ALM) Reports & Records, & Artifacts | P88: x | V88: =IF(ISERROR(MATCH("x",O88:U88)),0,MATCH("x",O88:U88)) -> 2
G89: Level 3 | H89: IRP 3.1 | I89: Develop, keep updated, and use an incident management system for processing and tracking incidents and their resolution. | J89: • Establish an incident management system. • Maintain the integrity of the incident management system and its contents. • Maintain the incident management system. | K89: • An incident management system with controlled work products • Procedures for accessing and using the incident management system | L89: • Portfolio Flow & Planning Practices • Solution Flow & Planning Practices • ART Flow & Planning Practices • Team Flow & Planning Practices | M89: • Portfolio Roadmaps, Plans, & (Epic) Backlog (ALM) Reports, Records, & Artifacts • Solution Roadmaps, Plans, & (Capability) Backlog (ALM) Reports & Records, & Artifacts • ART Roadmaps, Plans, & (Feature) Backlog (ALM) Reports & Records, & Artifacts • Team Roadmaps, Plans, & (Story) Backlog (ALM) Reports & Records, & Artifacts | O89: x | V89: =IF(ISERROR(MATCH("x",O89:U89)),0,MATCH("x",O89:U89)) -> 1
H90: IRP 3.2 | I90: Analyze selected incident and resolution data for prevention of future incidents. | J90: • Categorize the incident. • Analyze the business impact of the incident. • Decide which group is best suited to address the incident. • Analyze incident data. • Decide the actions to address the incident. • Resolve the incident using the best course of action. • Record the actions and results in the incident management system. • Verify and validate the effectiveness of the incident remediation. • Communicate solutions to affected stakeholders. | K90: • Updated incident management records • Record of analysis results • Reports of underlying causes of incidents • Reusable solution description • Plans for addressing underlying causes of selected incidents • Verification and validation results for the chosen courses of action | L90: • Portfolio Flow & Planning Practices • Solution Flow & Planning Practices • ART Flow & Planning Practices • Team Flow & Planning Practices | M90: • Portfolio Roadmaps, Plans, & (Epic) Backlog (ALM) Reports, Records, & Artifacts • Solution Roadmaps, Plans, & (Capability) Backlog (ALM) Reports & Records, & Artifacts • ART Roadmaps, Plans, & (Feature) Backlog (ALM) Reports & Records, & Artifacts • Team Roadmaps, Plans, & (Story) Backlog (ALM) Reports & Records, & Artifacts | P90: x | V90: =IF(ISERROR(MATCH("x",O90:U90)),0,MATCH("x",O90:U90)) -> 2
C91: Core | D91: Risk & Opportunity Management | E91: RSK | F91: Identifies, records, analyzes, and manages potential risks or opportunities. | G91: Level 1 | H91: RSK 1.1 | I91: Identify and record risks or opportunities and keep them updated. | J91: • Identify the risks associated with the work. • Record the risks. • Identify opportunities. • Record opportunities. • Identify the affected stakeholders associated with each risk or opportunity. | K91: • List of identified risks or opportunities | L91: • Portfolio Flow, Planning, & Execution Practices • Solution Flow, Planning, & Execution Practices • ART Flow, Planning, & Execution Practices • Team Flow, Planning, & Execution Practices | M91: • Portfolio Plans & (Epic) Backlog (ALM) Reports, Records, & Artifacts • Solution Plans & (Capability) Backlog (ALM) Reports & Records, & Artifacts • ART Plans & (Feature) Backlog (ALM) Reports & Records, & Artifacts • Team Plans & (Story) Backlog (ALM) Reports & Records, & Artifacts | N91: • SAFe strongly supports risk and opportunity management at multiple levels: 1. Portfolio - Lean Governance, risk identification and management, ALM tools with risk capabilities, day-to-day tracking, etc. 2. Solution - Lean Governance, risk identification and management, ALM tools with risk capabilities, day-to-day tracking, etc. 3. ART - Lean Governance, risk identification and management, ALM tools with risk capabilities, day-to-day tracking, etc. | Q91: x | V91: =IF(ISERROR(MATCH("x",O91:U91)),0,MATCH("x",O91:U91)) -> 3 | W91: =AVERAGE(V91:V98) -> 5
G92: Level 2 | H92: RSK 2.1 | I92: Analyze identified risks or opportunities. | J92: • Analyze the identified risks. • Review the Work Breakdown Structure (WBS), plan, and schedule for risks. • Identify the impact of each risk. • Identify the probability of occurrence for each risk. • Assign priorities to each risk based on the impact and probability of occurrence. • Analyze the identified opportunities. • Review the WBS, plan, and schedule for opportunities. • Identify the benefits and costs of each opportunity. • Assign priorities to each opportunity based on the benefit and cost. • Rank opportunity according to priorities. • Review assigned opportunity priorities with affected stakeholders and get agreement. • Develop the risk and opportunity analysis report. | K92: • Identified risks or opportunities • Risk or opportunity priorities • Risk and opportunity analysis reports | L92: • Portfolio Flow, Planning, & Execution Practices • Solution Flow, Planning, & Execution Practices • ART Flow, Planning, & Execution Practices • Team Flow, Planning, & Execution Practices | M92: • Portfolio Plans & (Epic) Backlog (ALM) Reports, Records, & Artifacts • Solution Plans & (Capability) Backlog (ALM) Reports & Records, & Artifacts • ART Plans & (Feature) Backlog (ALM) Reports & Records, & Artifacts • Team Plans & (Story) Backlog (ALM) Reports & Records, & Artifacts | R92: x | V92: =IF(ISERROR(MATCH("x",O92:U92)),0,MATCH("x",O92:U92)) -> 4
H93: RSK 2.2 | I93: Monitor identified risks or opportunities and communicate status to affected stakeholders. | J93: • Periodically review risks or opportunities. • Update risks or opportunities as additional information becomes available. • Communicate the risk or opportunity status to affected stakeholders. | K93: • Records of risk or opportunity monitoring • Updated risks or opportunities | L93: • Portfolio Flow, Planning, & Execution Practices • Solution Flow, Planning, & Execution Practices • ART Flow, Planning, & Execution Practices • Team Flow, Planning, & Execution Practices | M93: • Portfolio Plans & (Epic) Backlog (ALM) Reports, Records, & Artifacts • Solution Plans & (Capability) Backlog (ALM) Reports & Records, & Artifacts • ART Plans & (Feature) Backlog (ALM) Reports & Records, & Artifacts • Team Plans & (Story) Backlog (ALM) Reports & Records, & Artifacts | S93: x | V93: =IF(ISERROR(MATCH("x",O93:U93)),0,MATCH("x",O93:U93)) -> 5
G94: Level 3 | H94: RSK 3.1 | I94: Identify and use risk or opportunity categories. | J94: • Identify risk or opportunity categories. • Organize risks or opportunities according to defined categories. | K94: • Categories list • Categorized risks or opportunities | L94: • Portfolio Flow, Planning, & Execution Practices • Solution Flow, Planning, & Execution Practices • ART Flow, Planning, & Execution Practices • Team Flow, Planning, & Execution Practices | M94: • Portfolio Plans & (Epic) Backlog (ALM) Reports, Records, & Artifacts • Solution Plans & (Capability) Backlog (ALM) Reports & Records, & Artifacts • ART Plans & (Feature) Backlog (ALM) Reports & Records, & Artifacts • Team Plans & (Story) Backlog (ALM) Reports & Records, & Artifacts | T94: x | V94: =IF(ISERROR(MATCH("x",O94:U94)),0,MATCH("x",O94:U94)) -> 6
H95: RSK 3.2 | I95: Define and use parameters for risk or opportunity analysis and handling. | J95: • Identify a relative priority for each risk or opportunity based on assigned parameters. • Define thresholds to trigger actions for selected risks or opportunities. • Prepare and perform assessments for selected risks. • Prepare and perform opportunity assessments. | K95: • Risk or opportunity evaluation, categorization, and prioritization parameters • List of risks or opportunities and their assigned priority • Risk or opportunity assessment results | L95: • Portfolio Flow, Planning, & Execution Practices • Solution Flow, Planning, & Execution Practices • ART Flow, Planning, & Execution Practices • Team Flow, Planning, & Execution Practices | M95: • Portfolio Plans & (Epic) Backlog (ALM) Reports, Records, & Artifacts • Solution Plans & (Capability) Backlog (ALM) Reports & Records, & Artifacts • ART Plans & (Feature) Backlog (ALM) Reports & Records, & Artifacts • Team Plans & (Story) Backlog (ALM) Reports & Records, & Artifacts | U95: x | V95: =IF(ISERROR(MATCH("x",O95:U95)),0,MATCH("x",O95:U95)) -> 7
H96: RSK 3.3 | I96: Develop and keep updated a risk or opportunity management strategy. | J96: • Develop, record, and keep updated a risk or opportunity management strategy. • Review the risk or opportunity management strategy with affected stakeholders. | K96: • Risk or opportunity management strategy | L96: • Portfolio Flow, Planning, & Execution Practices • Solution Flow, Planning, & Execution Practices • ART Flow, Planning, & Execution Practices • Team Flow, Planning, & Execution Practices | M96: • Portfolio Plans & (Epic) Backlog (ALM) Reports, Records, & Artifacts • Solution Plans & (Capability) Backlog (ALM) Reports & Records, & Artifacts • ART Plans & (Feature) Backlog (ALM) Reports & Records, & Artifacts • Team Plans & (Story) Backlog (ALM) Reports & Records, & Artifacts | T96: x | V96: =IF(ISERROR(MATCH("x",O96:U96)),0,MATCH("x",O96:U96)) -> 6
H97: RSK 3.4 | I97: Develop and keep updated risk or opportunity management plans. | J97: • Develop mitigation plans for selected risks and contingency plans in the event their impacts are realized. • Develop leverage plans for selected opportunities to increase the likelihood that their impacts are realized. • Review plans with affected stakeholders. | K97: • Risk management plans • Opportunity leveraging plans • Updated plans and status | L97: • Portfolio Flow, Planning, & Execution Practices • Solution Flow, Planning, & Execution Practices • ART Flow, Planning, & Execution Practices • Team Flow, Planning, & Execution Practices | M97: • Portfolio Plans & (Epic) Backlog (ALM) Reports, Records, & Artifacts • Solution Plans & (Capability) Backlog (ALM) Reports & Records, & Artifacts • ART Plans & (Feature) Backlog (ALM) Reports & Records, & Artifacts • Team Plans & (Story) Backlog (ALM) Reports & Records, & Artifacts | S97: x | V97: =IF(ISERROR(MATCH("x",O97:U97)),0,MATCH("x",O97:U97)) -> 5
H98: RSK 3.5 | I98: Manage risks or opportunities by implementing planned risk or opportunity management activities. | J98: • Manage risks or opportunities using the risk or opportunity management plans. | K98: • Updated status | L98: • Portfolio Flow, Planning, & Execution Practices • Solution Flow, Planning, & Execution Practices • ART Flow, Planning, & Execution Practices • Team Flow, Planning, & Execution Practices | M98: • Portfolio Plans & (Epic) Backlog (ALM) Reports, Records, & Artifacts • Solution Plans & (Capability) Backlog (ALM) Reports & Records, & Artifacts • ART Plans & (Feature) Backlog (ALM) Reports & Records, & Artifacts • Team Plans & (Story) Backlog (ALM) Reports & Records, & Artifacts | R98: x | V98: =IF(ISERROR(MATCH("x",O98:U98)),0,MATCH("x",O98:U98)) -> 4
B99: Managing the Workforce | C99: Virtual | D99: Enabling Virtual Work | E99: EVW | F99: Defines and manages an approach for effective virtual work and operations. | G99: Level 1 | H99: EVW 1.1 | I99: Identify and record virtual work needs and constraints. | J99: • Identify virtual work needs and constraints. • Record virtual work needs and constraints and their potential impact on the work. • Communicate virtual work needs with customers and affected stakeholders. | K99: • List of virtual work needs and constraints • Communication records with customers and affected stakeholders | L99: • Portfolio Flow, Planning, & Execution Practices • Solution Flow, Planning, & Execution Practices • ART Flow, Planning, & Execution Practices • Team Flow, Planning, & Execution Practices | M99: • Portfolio Plans & (Epic) Backlog (ALM) Reports, Records, & Artifacts • Solution Plans & (Capability) Backlog (ALM) Reports & Records, & Artifacts • ART Plans & (Feature) Backlog (ALM) Reports & Records, & Artifacts • Team Plans & (Story) Backlog (ALM) Reports & Records, & Artifacts | N99: • SAFe strongly supports enabling virtual work at multiple levels: 1. Portfolio - Lean Governance, events, ceremonies, tools, and practices 2. Solution - Lean Governance, events, ceremonies, tools, and practices 3. ART - Lean Governance, events, ceremonies, tools, and practices • SAFe enables development of virtual work products, services products, and services • SAFe framework and practices are ideal for managing global and domestic organizations and products | Q99: x | V99: =IF(ISERROR(MATCH("x",O99:U99)),0,MATCH("x",O99:U99)) -> 3 | W99: =AVERAGE(V99:V104) -> 2.5
H100: EVW 1.2 | I100: Perform virtual work. | J100: • Perform virtual work. • Communicate virtual work results with affected stakeholders and customers. | K100: • Outputs from virtual work • List of criteria for virtual work approaches | L100: • Portfolio Flow, Planning, & Execution Practices • Solution Flow, Planning, & Execution Practices • ART Flow, Planning, & Execution Practices • Team Flow, Planning, & Execution Practices | M100: • Portfolio Plans & (Epic) Backlog (ALM) Reports, Records, & Artifacts • Solution Plans & (Capability) Backlog (ALM) Reports & Records, & Artifacts • ART Plans & (Feature) Backlog (ALM) Reports & Records, & Artifacts • Team Plans & (Story) Backlog (ALM) Reports & Records, & Artifacts | P100: x | V100: =IF(ISERROR(MATCH("x",O100:U100)),0,MATCH("x",O100:U100)) -> 2
...

Sheet Score
A1: Number | B1: CMMI v3.0 Practice Area | C1: Abbrev | D1: Score | E1: Inv
A2: 1 | B2: =Mapping!D5 -> Service Delivery Management | C2: =Mapping!E5 -> SDM | D2: =Mapping!W5 -> 4.25 | E2: =7-D2 -> 2.75
A3: =A2+1 -> 2 | B3: =Mapping!D13 -> Strategic Service Management | C3: =Mapping!E13 -> STSM | D3: =Mapping!W13 -> 3 | E3: =7-D3 -> 4
A4: =A3+1 -> 3 | B4: =Mapping!D18 -> Product Integration | C4: =Mapping!E18 -> PI | D4: =Mapping!W18 -> 4.5 | E4: =7-D4 -> 2.5
A5: =A4+1 -> 4 | B5: =Mapping!D28 -> Technical Solution | C5: =Mapping!E28 -> TS | D5: =Mapping!W28 -> 4.1 | E5: =7-D5 -> 2.9
A6: =A5+1 -> 5 | B6: =Mapping!D38 -> Peer Reviews | C6: =Mapping!E38 -> PR | D6: =Mapping!W38 -> 2.5 | E6: =7-D6 -> 4.5
A7: =A6+1 -> 6 | B7: =Mapping!D44 -> Process Quality Assurance | C7: =Mapping!E44 -> PQA | D7: =Mapping!W44 -> 5.5 | E7: =7-D7 -> 1.5
A8: =A7+1 -> 7 | B8: =Mapping!D50 -> Requirements Development & Management | C8: =Mapping!E50 -> RDM | D8: =Mapping!W50 -> 4 | E8: =7-D8 -> 3
A9: =A8+1 -> 8 | B9: =Mapping!D63 -> Verification & Validation | C9: =Mapping!E63 -> VV | D9: =Mapping!W63 -> 2.8571429 | E9: =7-D9 -> 4.1428571
A10: =A9+1 -> 9 | B10: =Mapping!D70 -> Supplier Agreement Management | C10: =Mapping!E70 -> SAM | D10: =Mapping!W70 -> 4.25 | E10: =7-D10 -> 2.75
A11: =A10+1 -> 10 | B11: =Mapping!D78 -> Continuity | C11: =Mapping!E78 -> CONT | D11: =Mapping!W78 -> 4.7142857 | E11: =7-D11 -> 2.2857143
A12: =A11+1 -> 11 | B12: =Mapping!D85 -> Incident Resolution & Prevention | C12: =Mapping!E85 -> IRP | D12: =Mapping!W85 -> 2.8333333 | E12: =7-D12 -> 4.1666667
A13: =A12+1 -> 12 | B13: =Mapping!D91 -> Risk & Opportunity Management | C13: =Mapping!E91 -> RSK | D13: =Mapping!W91 -> 5 | E13: =7-D13 -> 2
A14: =A13+1 -> 13 | B14: =Mapping!D99 -> Enabling Virtual Work | C14: =Mapping!E99 -> EVW | D14: =Mapping!W99 -> 2.5 | E14: =7-D14 -> 4.5
A15: =A14+1 -> 14 | B15: =Mapping!D105 -> Organizational Training | C15: =Mapping!E105 -> OT | D15: =Mapping!W105 -> 4.3333333 | E15: =7-D15 -> 2.6666667
A16: =A15+1 -> 15 | B16: =Mapping!D114 -> Workforce Empowerment | C16: =Mapping!E114 -> WE | D16: =Mapping!W114 -> 4.7142857 | E16: =7-D16 -> 2.2857143
A17: =A16+1 -> 16 | B17: =Mapping!D121 -> Estimating | C17: =Mapping!E121 -> EST | D17: =Mapping!W121 -> 2.8333333 | E17: =7-D17 -> 4.1666667
A18: =A17+1 -> 17 | B18: =Mapping!D127 -> Monitor & Control | C18: =Mapping!E127 -> MC | D18: =Mapping!W127 -> 4.5 | E18: =7-D18 -> 2.5
A19: =A18+1 -> 18 | B19: =Mapping!D137 -> Planning | C19: =Mapping!E137 -> PLAN | D19: =Mapping!W137 -> 3.6 | E19: =7-D19 -> 3.4
A20: =A19+1 -> 19 | B20: =Mapping!D152 -> Data Management | C20: =Mapping!E152 -> DM | D20: =Mapping!W152 -> 5.5 | E20: =7-D20 -> 1.5
A21: =A20+1 -> 20 | B21: =Mapping!D158 -> Data Quality | C21: =Mapping!E158 -> DQ | D21: =Mapping!W158 -> 2.7142857 | E21: =7-D21 -> 4.2857143
A22: =A21+1 -> 21 | B22: =Mapping!D165 -> Enabling Safety | C22: =Mapping!E165 -> ESAF | D22: =Mapping!W165 -> 4.75 | E22: =7-D22 -> 2.25
A23: =A22+1 -> 22 | B23: =Mapping!D173 -> Enabling Security | C23: =Mapping!E173 -> ESEC | D23: =Mapping!W173 -> 4.3333333 | E23: =7-D23 -> 2.6666667
A24: =A23+1 -> 23 | B24: =Mapping!D182 -> Managing Security Threats & Vulnerabilities | C24: =Mapping!E182 -> MST | D24: =Mapping!W182 -> 3.7 | E24: =7-D24 -> 3.3
A25: =A24+1 -> 24 | B25: =Mapping!D192 -> Causal Analysis & Resolution | C25: =Mapping!E192 -> CAR | D25: =Mapping!W192 -> 3.7272727 | E25: =7-D25 -> 3.2727273
A26: =A25+1 -> 25 | B26: =Mapping!D203 -> Configuration Management | C26: =Mapping!E203 -> CM | D26: =Mapping!W203 -> 4 | E26: =7-D26 -> 3
A27: =A26+1 -> 26 | B27: =Mapping!D210 -> Decision Analysis & Resolution | C27: =Mapping!E210 -> DAR | D27: =Mapping!W210 -> 4.75 | E27: =7-D27 -> 2.25
A28: =A27+1 -> 27 | B28: =Mapping!D218 -> Managing Performance & Measurement | C28: =Mapping!E218 -> MPM | D28: =Mapping!W218 -> 3.8636364 | E28: =7-D28 -> 3.1363636
A29: =A28+1 -> 28 | B29: =Mapping!D240 -> Process Asset Development | C29: =Mapping!E240 -> PAD | D29: =Mapping!W240 -> 3.5 | E29: =7-D29 -> 3.5
A30: =A29+1 -> 29 | B30: =Mapping!D250 -> Process Management | C30: =Mapping!E250 -> PCM | D30: =Mapping!W250 -> 4 | E30: =7-D30 -> 3
A31: =A30+1 -> 30 | B31: =Mapping!D262 -> Governance | C31: =Mapping!E262 -> GOV | D31: =Mapping!W262 -> 4.25 | E31: =7-D31 -> 2.75
A32: =A31+1 -> 31 | B32: =Mapping!D270 -> Implementation Infrastructure | C32: =Mapping!E270 -> II | D32: =Mapping!W270 -> 4.7142857 | E32: =7-D32 -> 2.2857143
